 Dungeon Crawl Stone Soup version 0.31-a0-1317-gdfb52cbc09 (webtiles) character file.

Game seed: 18030681017810566140

2506140 MackTheKnife the Impregnable (level 26, 224/224 HPs)
             Began as an Armataur Summoner on Dec 19, 2023.
             Was a High Priest of Hepliaklqana.
             Escaped with the Orb
             ... and 4 runes
             ... and 2 gems on Dec 20, 2023!
             The game lasted 02:51:01 (69528 turns).

MackTheKnife the Impregnable (Armataur Summoner)   Turns: 69528, Time: 02:51:01

Health: 224/224    AC: 38    Str: 28    XL:     26   Next: 10%
Magic:  31/31      EV: 13    Int: 25    God:    Hepliaklqana [*****.]
Gold:   7884       SH: 17    Dex: 21    Spells: 9/41 levels left

rFire   + . .        z - +11 spear of Action {spect, ^Contam rPois rN+++ Int+3, polearm}
rCold   + + .        c - +2 kite shield {AC+3}
rNeg    + + +        g - +5 ring mail "Qogru" {rF+ rC+ Str+3 Dex-5}
rPois   +            L - +2 hat {Int+3}
rElec   +            W - +2 cloak {Will+}
rCorr   .            T - +1 pair of gloves of Resonance {Str+3}
SInv    +            U - +2 barding "Nuqanex" {Int+4}
Will    +++..        a - amulet of Eguloet {RegenMP rElec rN+ Int+4}
Stlth   +            S - ring "Bureik" {rN+ Int-2 Dex+3 Slay+4 SInv}
HPRegen 0.57/turn    C - ring "Fudut" {*Corrode rPois rC+ Str+2 Dex+6}
MPRegen 0.62/turn

%: random rage (3%), corrode self (3%), roll
@: studying 2 skills
A: reduced essence, large, deformed body, tough skin 3, armoured tail, roll 2,
long tongue, fangs 1, berserk 1, dopey 1, low MP 1, strong-willed 1, poison
resistance, robust 1, screaming 2, shaggy fur 1
0: Orb of Zot
}: 4/15 runes: decaying, serpentine, slimy, silver
a: Renounce Religion, Recall Ancestor, Ancestor Identity, Transference, Idealise


You escaped.
You worshipped Hepliaklqana.
Hepliaklqana was extremely pleased with you.
You visited 10 branches of the dungeon, and saw 52 of its levels.
You visited the Abyss 1 time.
You also visited: Trove, Gauntlet, Wizlab and Desolation.

You collected 8593 gold pieces.
You spent 709 gold pieces at shops.


Innate Abilities, Weirdness & Mutations

Your life essence is reduced to manifest your ancestor. (-10% HP)
Armour fits poorly on your strangely shaped body.
You have extremely tough skin. (AC +3)
You have a long armoured tail.
You regenerate magic and health when rolling toward enemies. (Rampage Regen)
Your long tongue fully drains potion bottles. (2x potion effects)
You have very sharp teeth.
You sometimes lose your temper in combat.
You are dopey. (Int -2)
Your magical capacity is low. (-10% MP)
You are strong-willed. (Will+)
Your system is resistant to poisons. (rPois)
You are robust. (+10% HP)
You frequently scream uncontrollably at your foes.
You are covered in fur. (AC +1)


   Skills:
 + Level 21.6 Fighting
 - Level 12.0 Polearms
 - Level 22.0 Armour
 - Level 10.0 Dodging
 - Level 3.0 Stealth
 - Level 15.0 Shields
 - Level 8.0 Spellcasting
 - Level 8.0 Hexes
 - Level 18.0 Summonings
 - Level 5.0 Necromancy
 - Level 17.0 Translocations
 - Level 5.0 Air Magic
 - Level 8.0 Earth Magic
 - Level 8.0 Invocations
 - Level 7.0 Evocations


You had 9 spell levels left.
You knew the following spells:

 Your Spells              Type           Power      Damage    Failure   Level
a - Summon Forest         Summ/Tloc      39%        N/A       1%          5
b - Passage of Golubria   Tloc           76%        N/A       1%          4
c - Gell's Gravitas       Tloc           76%        N/A       1%          3
d - Blink                 Tloc           100%       N/A       0%          2
e - Summon Lightning Spi  Summ/Air       61%        N/A       1%          4
f - Leda's Liquefaction   Alch/Erth      15%        N/A       21%         4
g - Fugue of the Fallen   Necr           35%        N/A       4%          3
h - Malign Gateway        Summ/Tloc      39%        N/A       7%          7

Your spell library contained the following spells:

 Spells                   Type           Power      Damage    Failure   Level
 Apportation              Tloc           100%       N/A       0%          1
 Summon Small Mammal      Summ           100%       N/A       0%          1
 Call Imp                 Summ           100%       N/A       0%          2
 Lesser Beckoning         Tloc           100%       N/A       0%          2
 Necrotise                Necr           100%       1d9       1%          1
 Sandblast                Erth           100%       2d20      1%          1
 Slow                     Hex            100%       N/A       1%          1
 Momentum Strike          Conj/Tloc      100%       3d10      1%          2
 Sublimation of Blood     Necr           35%        N/A       1%          2
 Call Canine Familiar     Summ           79%        N/A       1%          3
 Confusing Touch          Hex            50%        N/A       1%          3
 Sigil of Binding         Hex            50%        N/A       1%          3
 Summon Guardian Golem    Hex/Summ       66%        N/A       1%          3
 Teleport Other           Tloc           76%        N/A       1%          3
 Tukima's Dance           Hex            50%        N/A       1%          3
 Volatile Blastmotes      Fire/Tloc      100%       2d18      1%          3
 Animate Armour           Summ/Erth      100%       N/A       1%          4
 Manifold Assault         Tloc           76%        N/A       1%          4
 Vhi's Electric Charge    Tloc/Air       100%       N/A       1%          4
 Summon Mana Viper        Hex/Summ       66%        N/A       1%          5
 Dispersal                Tloc           38%        N/A       1%          6
 Summon Cactus Giant      Summ           39%        N/A       1%          6
 Kiss of Death            Conj/Necr      88%        2d12      3%          1
 Shock                    Conj/Air       88%        1d8       3%          1
 Ensorcelled Hibernation  Hex/Ice        60%        N/A       3%          2
 Passwall                 Alch/Erth      25%        N/A       3%          2
 Cause Fear               Hex            25%        N/A       3%          4
 Iskenderun's Mystic Bla  Conj/Tloc      51%        2d11      3%          4
 Cigotuvi's Dreadful Rot  Necr/Alch/Air  52%        N/A       4%          2
 Swiftness                Air            35%        N/A       4%          3
 Vampiric Draining        Necr           35%        2d8       4%          3
 Static Discharge         Conj/Air       44%        3-5/arc   5%          2
 Summon Hydra             Summ           39%        N/A       5%          7
 Dazzling Flash           Conj/Hex       60%        N/A       6%          3
 Inner Flame              Hex/Fire       30%        N/A       6%          3
 Stone Arrow              Conj/Erth      60%        3d10      6%          3
 Anguish                  Hex/Necr       21%        N/A       7%          4
 Foxfire                  Conj/Fire      40%        2x1d6     11%         1
 Freeze                   Ice            40%        1d6       11%         1
 Magic Dart               Conj           40%        1d5       11%         1
 Sting                    Conj/Alch      40%        1d5       11%         1
 Lee's Rapid Deconstruct  Erth           25%        3d14*     11%         5
 Airstrike                Air            17%        2d(3-19)  13%         4
 Animate Dead             Necr           35%        N/A       13%         4
 Dispel Undead            Necr           35%        3d15      13%         4
 Searing Ray              Conj           20%        2d5       16%         2
 Mephitic Cloud           Conj/Alch/Air  18%        N/A       16%         3
 Brom's Barrelling Bould  Conj/Erth      30%        2d5       21%         4
 Petrify                  Alch/Erth      30%        N/A       21%         4
 Borgnjor's Vile Clutch   Necr/Erth      21%        N/A       21%         5
 Frozen Ramparts          Ice            20%        1d4       30%         3
 Hailstorm                Conj/Ice       10%        3d6       30%         3
 Ozocubu's Armour         Ice            10%        N/A       30%         3
 Agony                    Necr           35%        N/A       36%         5
 Metabolic Englaciation   Hex/Ice        15%        N/A       50%         5
 Yara's Violent Unravell  Hex/Alch       15%        3d8       50%         5
 Haunt                    Necr/Summ      30%        N/A       61%         7
 Fulminant Prism          Conj/Alch      5%         3d6       71%         4
 Ignite Poison            Fire/Alch      10%        N/A       71%         4
 Olgreb's Toxic Radiance  Alch           10%        N/A       71%         4
 Sticky Flame             Fire/Alch      10%        2d5       71%         4
 Arcjolt                  Conj/Air       11%        1d21      71%         5
 Freezing Cloud           Conj/Ice/Air   9%         6-21      83%         5
 Death Channel            Necr           17%        N/A       90%         6
 Spellforged Servitor     Conj/Summ      26%        N/A       91%         7
 Fireball                 Conj/Fire      5%         3d5       96%         5
 Irradiate                Conj/Alch      5%         3d13      96%         5
 Iskenderun's Battlesphe  Conj           10%        2d6       96%         5
 Bombard                  Conj/Erth      15%        9d3       97%         6
 Enfeeble                 Hex            25%        N/A       97%         7
 Conjure Ball Lightning   Conj/Air       11%        3x3d6     99%         6
 Plasma Beam              Fire/Air       11%        2x1d22    99%         6
 Simulacrum               Ice/Necr       11%        N/A       99%         6
 Eringya's Noxious Bog    Alch           5%         4d6       100%        6
 Starburst                Conj/Fire      5%         6d4       100%        6
 Orb of Destruction       Conj           5%         9d5       100%        7
 Ozocubu's Refrigeration  Ice            5%         4d8       100%        7
 Borgnjor's Revivificati  Necr           17%        N/A       100%        8
 Ignition                 Fire           5%         3d4       100%        8
 Lehudib's Crystal Spear  Conj/Erth      15%        10d5      100%        8
 Maxwell's Capacitive Co  Air            17%        โˆž       100%        8
 Death's Door             Necr           17%        N/A       100%        9
 Dragon's Call            Summ           39%        N/A       100%        9
 Polar Vortex             Ice            5%         N/A       100%        9

Inventory:

Hand Weapons
 z - the +11 spear of Action (weapon) {spect, ^Contam rPois rN+++ Int+3, polearm}
   (You took it off a minotaur in a Gauntlet)

   Int+3:     It affects your intelligence (+3).
   rPois:     It protects you from poison rN+++: It renders you almost immune to
   negative energy.
   ^Contam:   It causes magical contamination when unequipped.
Armour
 c - a +2 kite shield of protection (worn)
   (You took it off a naga warrior on level 2 of the Snake Pit)
 g - the +5 ring mail "Qogru" (worn) {rF+ rC+ Str+3 Dex-5}
   (You found it on level 14 of the Dungeon)

   Str+3:     It affects your strength (+3).
   Dex-5:     It affects your dexterity (-5).
   rF+:       It protects you from fire.
   rC+:       It protects you from cold.
 v - the +4 Cigotuvi's embrace {Corpsefed rMiasma ^Drain rN+}
   (You took it off a hell knight on level 4 of the Depths)

   Corpsefed: It gathers nearby corpses to temporarily increase the armour it
   provides.
   rMiasma:   It protects you from foul pestilence.
   rN+:       It protects you from negative energy.
   ^Drain:    It drains your maximum health when unequipped.
 L - a +2 hat of intelligence (worn)
   (You found it on level 8 of the Dungeon)
 T - the +1 pair of gloves of Resonance (worn) {Str+3}
   (You acquired it on level 10 of the Dungeon)

   Str+3:     It affects your strength (+3).
 U - the +2 barding "Nuqanex" (worn) {Int+4}
   (You acquired it on level 10 of the Dungeon)

   Int+4:     It affects your intelligence (+4).
 W - a +2 cloak of willpower (worn)
   (You found it in a Gauntlet)
Jewellery
 a - the amulet of Eguloet (around neck) {RegenMP rElec rN+ Int+4}
   (You bought it in a shop on level 2 of the Orcish Mines)

   [amulet of magic regeneration]

   RegenMP:   It increases your rate of magic regeneration.
   Int+4:     It affects your intelligence (+4).
   rElec:     It insulates you from electricity.
   rN+:       It protects you from negative energy.
 b - a ring of see invisible
   (You found it in a treasure trove)
 f - the ring "Gogasire" {+Blink Fly rElec Str-2 Dex+6}
   (You found it in the Desolation of Salt)

   [ring of dexterity]

   Str-2:     It affects your strength (-2).
   Dex+6:     It affects your dexterity (+6).
   rElec:     It insulates you from electricity.
   Fly:       It grants you flight.
   +Blink:    It lets you blink.
 o - the ring "Vizoeth" {rElec rPois}
   (You took it off an ironbound convoker in the Desolation of Salt)

   [ring of poison resistance]

   rElec:     It insulates you from electricity.
   rPois:     It protects you from poison
 y - the ring "Uzxoattesk" {rPois Str+4 Int-2 Dex-3 SInv}
   (You took it off a spriggan berserker on level 4 of the Depths)

   [ring of poison resistance]

   Str+4:     It affects your strength (+4).
   Int-2:     It affects your intelligence (-2).
   Dex-3:     It affects your dexterity (-3).
   rPois:     It protects you from poison SInv: It lets you see invisible.
 C - the ring "Fudut" (right hand) {*Corrode rPois rC+ Str+2 Dex+6}
   (You found it in a treasure trove)

   [ring of dexterity]

   Str+2:     It affects your strength (+2).
   Dex+6:     It affects your dexterity (+6).
   rC+:       It protects you from cold.
   rPois:     It protects you from poison *Corrode: It may corrode you when you
   take damage.
 G - the ring of Besikig {rElec rN+ Int-5 Slay+3}
   (You found it in a treasure trove)

   [ring of positive energy]

   Int-5:     It affects your intelligence (-5).
   Slay+3:    It affects your accuracy & damage with ranged weapons and melee
   (+3).
   rElec:     It insulates you from electricity.
   rN+:       It protects you from negative energy.
 J - the amulet of Springtime {Acrobat +Blink Int+4}
   (You found it in a Gauntlet)

   [amulet of the acrobat]

   Acrobat:   It increases your evasion while moving and waiting.
   Int+4:     It affects your intelligence (+4).
   +Blink:    It lets you blink.
 R - a ring of resist corrosion
   (You found it on level 1 of the Depths)
 S - the ring "Bureik" (left hand) {rN+ Int-2 Dex+3 Slay+4 SInv}
   (You found it in a treasure trove)

   [ring of slaying]

   Int-2:     It affects your intelligence (-2).
   Dex+3:     It affects your dexterity (+3).
   Slay+4:    It affects your accuracy & damage with ranged weapons and melee
   (+4).
   rN+:       It protects you from negative energy.
   SInv:      It lets you see invisible.
Wands
 k - a wand of mindburst (36)
   (You found it on level 5 of the Lair of Beasts)
 r - a wand of iceblast (82)
   (You found it on level 3 of the Dungeon)
 x - a wand of quicksilver (21)
   (You took it off Maggie on level 7 of the Dungeon)
 A - a wand of flame (137)
   (You found it on level 5 of the Dungeon)
 Q - a wand of digging (12)
   (You found it on level 9 of the Dungeon)
 X - a wand of charming (53)
   (You found it on level 3 of the Lair of Beasts)
Scrolls
 d - 12 scrolls of teleportation {@r4}
 e - 11 scrolls of poison {!r}
 h - a scroll of immolation {!r!r}
 s - 12 scrolls of vulnerability {!r!r}
 w - 4 scrolls of fear
 B - 3 scrolls of fog
 K - 7 scrolls of enchant weapon
 Z - a scroll of blinking {!r}
Potions
 i - 6 potions of magic
 j - 2 potions of ambrosia
 l - 2 potions of cancellation
 n - a potion of haste {@q3}
 u - 5 potions of enlightenment
 D - 4 potions of mutation {!q}
 E - 4 potions of heal wounds {@q2}
 I - 4 potions of brilliance
 N - 9 potions of curing {@q1}
 O - 5 potions of might
 V - 2 potions of invisibility
Miscellaneous
 m - a phantom mirror
   (You found it on level 15 of the Dungeon)
 p - a sack of spiders
   (You found it on level 12 of the Dungeon)
 M - a lightning rod (4/4)
   (You found it on level 9 of the Dungeon)
 Y - a phial of floods
   (You found it in a Gauntlet)

Dungeon Overview and Level Annotations

Branches:
Dungeon (15/15)            Temple (0/1) D:5            Lair (5/5) D:10
  Swamp (4/4) Lair:2        Snake (4/4) Lair:3        Slime (5/5) Lair:4
    Orc (2/2) D:9             Elf (3/3) Orc:2        Vaults (5/5) D:13
  Crypt (0/3) Vaults:3     Depths (4/4) D:15            Zot (5/5) Depths:4
 WizLab (visited)         Desolation (visited)      Gauntlet (visited)

Altars:
Ashenzari
Dithmenos
Fedhas
Gozag
Hepliaklqana
Kikubaaqudgha
Okawaru
Sif Muna
Vehumet
The Shining One
Jiyva
Lugonu

Shops:
D:9 *   D:15 (   Orc:2 (=[(   Snake:2 =   Vaults:4 [   Vaults:5 =
Depths:1 =:=   Depths:2 =

Portals:
Hell: Depths:1 Depths:2 Depths:3 Depths:4
Abyss: Depths:1 Depths:2 Depths:3 Depths:4
Pandemonium: Depths:1 Depths:2
Ziggurat: Depths:4

Annotations:
D:1 exclusion: downstairs
D:3 exclusion: statue
Lair:4 3 runed translucent doors, PanSaczeczos's ghost, journeyman DsWn
Slime:5 1 exclusion
Orc:2 3 runed translucent doors, bumbalina's ghost, journeyman HOFi
Elf:2 3 runed translucent doors
Vaults:1 1 runed translucent door, Plog's ghost, adept AtMo

#...............).#..###........#
#.......####...#.....####.....#..
##......# ##..#.##...###.......#
###...#######....##.#..........##
................###.#.####.......
..#####.........###...####....###
................[..##...).....#
.#######.......###.##.###...###
## #.......'@'.##..##.....# #
#####..X....###.###.##...#.##
####..X.............##.#...##..#
.....#.....#######...#.#.#.###.##
..####.....#######.........# #...
#...##...........##........# ###.
...........#####....#.....## #.
รท....#.....########.......# ##
..........................# ###


You could see an Orb Guardian.


Message History

You feel yourself slow down. ๐Ÿ˜Ž HP[-112]
You now have 224 max hp (-112).
Lici is recalled. ๐Ÿ˜Ž MP[-2]
You lost 2 mp, and now have 29/31 mp.
Okay, then. ๐Ÿ˜Ž MP[+1] ๐Ÿ˜Ž MP[+1]
Your mp is fully restored (31).
There is a staircase back to the Dungeon here.
You climb upwards.
Welcome back to the Dungeon!
There is a staircase to the Depths here.
Unknown command.
Unknown command.
What level of the Dungeon? (default 1, ? - help)
You swap places.
You feel yourself speed up.
There is a stone staircase leading up here.
You climb upwards.
There is a stone staircase leading down here.
There is a stone staircase leading up here.
You climb upwards.
You recover from your berserk rage.
There is a stone staircase leading down here.
There is a stone staircase leading up here.
You climb upwards.
There is a stone staircase leading down here.
There is a stone staircase leading up here.
You climb upwards.
There is a stone staircase leading down here.
There is a stone staircase leading up here.
You climb upwards.
There is a stone staircase leading down here.
There is a stone staircase leading up here.
You climb upwards.
There is a stone staircase leading down here.
An Eqimeahe and a tormentor come into view.
Unknown command.
The tormentor roars!
Lici mumbles some strange words.
Lici seems to speed up.
There is a stone staircase leading up here.
You climb upwards.
There is a stone staircase leading down here.
What level of the Dungeon? (default 1, ? - help)
You swap places.
Things that are here:
a +2 whip of venom {mace}; a +0 dagger {short}
Things that are here:
a +1 dagger of draining {short}; 4 stones {throwing}; a +0 dagger {short}
Things that are here:
4 stones {throwing}; a +0 short sword {short}
There is a stone staircase leading up here.
You climb upwards.
You scream at the orange demon!
A cacodemon, an orange demon and a sixfirhy come into view.
There is a stone staircase leading down here.
The orange demon screeches!
Lici points at the orange demon and mumbles some strange words.
The bolt of magma hits the orange demon!!
The bolt of magma hits the cacodemon.
Lici hits the orange demon with a +0 lajatang of freezing!!
Lici freezes the orange demon.
The orange demon dies!
The cacodemon gestures at the rock wall.
You hear a grinding noise.
Items here: )) [[.
An Orb Guardian comes into view.
You see here a +0 flail {mace}.
Unknown command.
There is a stone staircase leading up here.
The cacodemon gestures at you. You resist with almost no effort.
You climb upwards.
There is a stone staircase leading down here.
Unknown command.
What level of the Dungeon? (default 1, ? - help)
There is a stone staircase leading up here.
You climb upwards.
There is a stone staircase leading down here.
There is a stone staircase leading up here.
You climb upwards.
There is a stone staircase leading down here.
There is a stone staircase leading up here.
You climb upwards.
Level annotation: exclusion: statue
There is a stone staircase leading down here.
There is a stone staircase leading up here.
You climb upwards.
There is a stone staircase leading down here.
There is a stone staircase leading up here.
You climb upwards.
Level annotation: exclusion: downstairs
There is a stone staircase leading down here.
An Orb Guardian comes into view.
The Orb Guardian moves out of view.
There is an open door here.
There is a staircase leading out of the dungeon here.
You have escaped!

Skill      XL: |  1  2  3  4  5  6  7  8  9 10 11 12 13 14 15 16 17 18 19 20 21 22 23 24 25 |
---------------+----------------------------------------------------------------------------+-----
Fighting       | 1 2 3 5 6 8 10 12 14 16 18 21 | 21.6
Stealth        | 3 |  3.0
Summonings     | 4 5 6 8 9 10 13 16 18 | 18.0
Spellcasting   | 2 4 5 6 7 8 |  8.0
Evocations     | 1 4 6 7 |  7.0
Shields        | 5 11 13 14 15 | 15.0
Armour         | 2 5 8 12 14 15 17 20 22 | 22.0
Polearms       | 2 6 8 10 12 | 12.0
Hexes          | 4 6 8 |  8.0
Dodging        | 3 4 6 7 10 | 10.0
Air Magic      | 5 |  5.0
Invocations    | 8 |  8.0
Translocations | 10 14 16 17 | 17.0
Earth Magic    | 2 6 8 |  8.0
Necromancy     | 5 |  5.0

Action                     |  1- 3 |  4- 6 |  7- 9 | 10-12 | 13-15 | 16-18 | 19-21 | 22-24 | 25-27 || total
---------------------------+-------+-------+-------+-------+-------+-------+-------+-------+-------++-------
  Melee: Dagger            |    67 |       |       |       |       |       |       |       |       ||    67
         Unarmed           |     8 |       |       |       |       |       |       |       |       ||     8
         Tailslap          |     8 |     4 |     8 |    32 |   113 |   109 |   210 |   214 |    45 ||   743
         Trident           |    23 |    69 |   119 |   238 |       |       |       |       |       ||   449
         Spear             |       |       |       |    67 |   655 |   725 |  1052 |  1087 |   216 ||  3802
         Bite              |       |       |       |       |       |       |       |       |    20 ||    20
  Throw: Dart              |       |       |     1 |    11 |       |       |       |       |       ||    12
   Cast: Summon Small Mamm |    30 |     6 |    10 |       |       |       |       |       |       ||    46
         Call Imp          |    16 |    14 |    18 |    21 |     7 |     1 |     1 |       |       ||    78
         Call Canine Famil |       |     4 |    11 |    16 |    22 |    18 |     2 |       |       ||    73
         Summon Guardian G |       |       |       |    27 |    30 |    19 |     9 |       |       ||    85
         Summon Lightning  |       |       |       |    14 |    37 |    31 |    15 |     2 |       ||    99
         Summon Forest     |       |       |       |       |     3 |    33 |    47 |    30 |    10 ||   123
         Leda's Liquefacti |       |       |       |       |       |     8 |    19 |    17 |     4 ||    48
         Fugue of the Fall |       |       |       |       |       |       |    13 |     9 |     2 ||    24
         Malign Gateway    |       |       |       |       |       |       |       |    41 |    26 ||    67
 Invoke: Ancestor Identity |     1 |       |       |       |       |       |       |       |       ||     1
         Recall Ancestor   |       |     4 |     4 |     9 |     5 |     4 |    10 |     7 |     5 ||    48
         Ancestor Life: Ba |       |       |     1 |       |       |       |       |       |       ||     1
         Idealise          |       |       |       |     1 |     3 |     8 |     9 |    12 |     7 ||    40
  Evoke: Wand              |       |     1 |     6 |    17 |     3 |    11 |     7 |    10 |     1 ||    56
         Lightning rod     |       |       |       |     3 |     7 |     9 |    11 |     4 |       ||    34
         Phantom mirror    |       |       |       |       |       |     3 |     2 |     1 |       ||     6
         Phial of floods   |       |       |       |       |       |     1 |     1 |       |       ||     2
         Sack of spiders   |       |       |       |       |       |       |     1 |     2 |       ||     3
    Use: Scroll            |     3 |     4 |     7 |    13 |     7 |    22 |    13 |    13 |     8 ||    90
         Potion            |       |       |     1 |       |     1 |     5 |     3 |    12 |    15 ||    37
   Stab: Sleeping          |     4 |     5 |     6 |     9 |    10 |     5 |     3 |     5 |       ||    47
         Distracted        |     1 |     1 |     2 |     9 |    25 |    35 |    61 |    58 |    11 ||   203
         Petrified         |       |       |       |     4 |       |       |       |     7 |       ||    11
         Fleeing           |       |       |       |       |       |     1 |       |       |       ||     1
         Betrayed ally     |       |       |       |       |       |       |     1 |       |       ||     1
         Petrifying        |       |       |       |       |       |       |       |     3 |       ||     3
         Confused          |       |       |       |       |       |       |       |       |     1 ||     1
 Armour: Robe              |    74 |    34 |    75 |     6 |       |       |       |       |       ||   189
         Steam dragon scal |       |       |       |   128 |   246 |       |       |       |       ||   374
         Ring mail         |       |       |       |       |    29 |   445 |   391 |   425 |   161 ||  1451
  Dodge: Dodged            |    44 |    14 |    39 |    71 |   101 |   132 |   134 |   197 |    59 ||   791
  Block: Buckler           |       |       |    12 |    78 |    84 |       |       |       |       ||   174
         Reflection        |       |       |       |     1 |     2 |       |       |       |       ||     3
         Kite shield       |       |       |       |       |    72 |   313 |   226 |   298 |   113 ||  1022

Levels and vault maps discovered:
D:1:      dpeg_arrival_tiny_d, layout_rooms
D:2:      layout_basic, basic_altar
D:3:      layout_rooms, vehumet_statue, lemuel_doored_altar, st_stairs_1,
          uniq_grinder, uniq_jessica
D:4:      minmay_evil_eye, layout_cave_pools, uniq_menkaure
D:5:      layout_loops_cross, minmay_temple_entry_statues
D:6:      cheibrodos_helix_gallery, layout_loops_ring,
          nicolae_dithmenos_shadow_blocks, kennysheep_nondescript
D:7:      nzn_winding_woodlands_small [nzn_winding_woodlands_5x15_longhouse,
          nzn_winding_woodlands_center_pierced_h,
          nzn_winding_woodlands_5x15_twine], layout_basic, uniq_maggie
D:8:      layout_basic, uniq_gastronok, uniq_jeremiah
D:9:      layout_cave_pods, lemuel_tele_altar, orc_0_dummy, serial_shops,
          nicolae_shop_tiny_waterfront
D:10:     layout_cave_pools, lemuel_coloured_pillars_altar,
          minmay_lair_entry_grove
D:11:     layout_stronghold, bh_walls_and_bars
D:12:     minmay_wavy_crystal, layout_small_grid, enter_trove_0
D:13:     layout_loops_ring, david_vaults_5
D:14:     layout_loops_corners, minmay_splitting_lines, nicolae_shop_fire_sale
          [nicolae_sub_dead_trees], billiards_dpeg, uniq_azrael, uniq_lodul
D:15:     hangedman_depths_entry_try_elsewhere_first, layout_basic, basic_altar,
          serial_shops, shop
Lair:1:   layout_chaotic_city
Lair:2:   layout_cave_pods, minmay_swamp_entry_reptiles, gauntlet_entry_generic,
          portal_ice_cave_entry_pillars_1, uniq_urug
Lair:3:   layout_gridlike, minmay_snake_entry_guardpost_small, special_room
          [special_room_mythical_zoo], nicolae_lair_lakeside_cave
Lair:4:   hellmonk_destroyed_diamonds, layout_hall_layers,
          minmay_slime_entry_oklob_enclosed, gammafunk_ghost_necromancy,
          grunt_forest_small_clearings
Lair:5:   cheibrodos_lair_end_hotspot, layout_hall_layers, dpeg_oklob_1,
          infiniplex_staircase_pool_2, uniq_josephine
Swamp:1:  layout_basic_swamp, nicolae_swamp_little_tower
Swamp:2:  layout_basic_swamp, evilmike_swamp_ruin_rubble_1, swamp_pool_3,
          hangedman_swamp_blocks, nicolae_swamp_tree_isthmus
Swamp:3:  layout_basic_swamp, evilmike_swamp_ruin_rubble_2, swamp_pool_1_2
Swamp:4:  swamp_alternative, layout_basic_swamp, swamp_pool_3,
          nicolae_swamp_catching_bugs, infiniplex_staircase_pool
Snake:1:  layout_rooms, nicolae_snake_squiggles, uniq_rupert
Snake:2:  layout_gridlike, serial_shops, shop, nicolae_triple_integral,
          uniq_vashnia, uniq_aizul
Snake:3:  layout_misc_corridors, serial_bayou_pond_d,
          serial_library_regret_index_multi, st_stairs_8, grunt_ministairs_2,
          uniq_jorgrun
Snake:4:  hellmonk_snake_rune_quicksilver_temple, layout_onion, uniq_saint_roka
Slime:1:  layout_caves
Slime:2:  layout_caves, cheibrodos_slime_lost_civilization_4
Slime:3:  layout_caves, cheibrodos_slime_lost_civilization_6
Slime:4:  layout_caves, nicolae_slime_getting_an_eyeful
Slime:5:  slime_pit_nicolae_inversion
Orc:1:    layout_caves, led_sif_book
Orc:2:    st_orc_ogre_mass, layout_diamond_mine, ebering_ghost_rock_garden
Elf:1:    eino_elf_arrival_the_gate, layout_loops_ring,
          hangedman_elven_crosses_minicolossus, hex_medium,
          nicolae_elf_big_sculpture_1, uniq_louise
Elf:2:    nicolae_elf_blades_splatter_lattice [nicolae_blade_entry_pointy_end],
          layout_onion_city, nrook_mini_backslash
Elf:3:    grunt_elf_hall_branching, layout_geoelf_castle, grunt_ministairs_12
Vaults:1: gammafunk_ghost_grave, v_misc_27, nicolae_vaults_little_squares_2,
          abrahamwl_protected_by_tso_2, vaults_room_door_hall,
          nicolae_vaults_diamond_1, nicolae_vaults_diamond_2, v_pattern_5,
          v_misc_5, v_misc_18, grunt_vaults_funnel, layout_vaults_omnibox,
          uniq_zenata
Vaults:2: nicolae_vaults_trapezoid_lopsided_1, nicolae_vaults_arrows,
          vaults_room_fancy_cross, hangedman_vaults_capsules, v_rooms_5,
          nicolae_vaults_rhombus_6, nicolae_vaults_trapezoid_lopsided_1,
          vaults_room_octagon, v_misc_4, nicolae_vaults_diamond_1,
          nicolae_vaults_trapezoid_lopsided_1, layout_vaults_omnicross
Vaults:3: portal_desolation_entry_nicolae_nacl, nicolae_vaults_surprise_closet,
          ontoclasm_vaults_claustrophobia, minmay_crypt_entry_skeletal_spiral,
          v_misc_3, nicolae_vaults_heist, ontoclasm_vaults_fault,
          nicolae_vaults_shelves_hall, nicolae_vaults_yaktaur_gun_rack,
          ontoclasm_vaults_shuriken, st_spiral_rooms, vaults_standard_mumra_x,
          hangedman_vaults_pinch, nicolae_vaults_asterisk,
          nicolae_vaults_circle_grid_a, nicolae_vaults_little_ls,
          layout_vaults_maze
Vaults:4: dpeg_vaults_monster_box, grunt_vaults_hallway_short,
          nicolae_vaults_trapezoid_lopsided_3, hangedman_vaults_snaps,
          nicolae_vaults_little_squares_1, nicolae_vaults_offset_grid_hallway_4,
          nicolae_vaults_trapezoid_layered, nicolae_vaults_theta,
          hangedman_vaults_maws, v_rooms_3, ontoclasm_vaults_gateway,
          nicolae_vaults_surprise_closet, layout_vaults_ring
Vaults:5: serial_shops
Depths:1: layout_cave_pools, abyss_entry, nicolae_kikubaaqudgha_miasma_corner,
          pf_hell_entry_tar_spiral, pan_entry, ashenzari_altar_1,
          grunt_megastairs_3, minmay_shop_grove
Depths:2: four-leaf_vault, layout_gridville, serial_shops,
          nicolae_inconvenience_store, abyss_entry,
          chequers_serial_rivers_room_b, mu_enter_wizlab_6,
          pf_dread_powers_of_hell, grunt_pan_entry_in_and_out
Depths:3: minmay_tri_box, layout_gridlike,
          nicolae_gozag_cash_rules_everything_around_me, hell_entry,
          abyss_entry_flame_altar
Depths:4: hangedman_slaughterboxes, abyss_entry, hell_entry, serial_shops
Zot:1:    layout_onion
Zot:2:    minmay_elemental_castle, layout_twisted_circle,
          regret_index_zotdec_magical_s
Zot:3:    layout_misc_corridors, regret_index_zotdec_abyssal_star_handed,
          st_single_dragon_hoard_2, regret_index_zotdec_banners
Zot:4:    layout_gridlike, regret_index_zotdec_twisting_globes
Zot:5:    layout_misc_corridors

Notes
Turn   | Place    | Note
-------+----------+-------------------------------------------
     0 | D:1      | MackTheKnife the Armataur Summoner began the quest for the
                  | Orb.
     0 | D:1      | Reached XP level 1. HP: 13/13 MP: 3/3
     0 | D:1      | magus.rc [v1.9.6]
   146 | D:1      | Reached XP level 2. HP: 19/20 MP: 2/4
   149 | D:1      | Learned a level 2 spell: Call Imp
   231 | D:1      | Reached skill level 1 in Fighting
   564 | D:1      | Reached XP level 3. HP: 26/26 MP: 5/5
   776 | D:2      | Reached skill level 3 in Stealth
   840 | D:2      | Found a hazy altar of Hepliaklqana.
   846 | D:2      | Became a worshipper of Hepliaklqana the Forgotten
  1404 | D:2      | Reached * piety under Hepliaklqana
  1779 | D:3      | Reached skill level 2 in Fighting
  1779 | D:3      | Reached XP level 4. HP: 29/29 MP: 6/6
  1789 | D:3      | Found an iron altar of Okawaru.
  1860 | D:3      | Noticed Grinder
  1966 | D:3      | Noticed Jessica
  1979 | D:3      | Killed Jessica
  1980 | D:3      | Reached skill level 4 in Summonings
  2141 | D:3      | Reached XP level 5. HP: 30/34 MP: 4/7
  2158 | D:2      | Learned a level 3 spell: Call Canine Familiar
  2236 | D:3      | Found a radiant altar of Vehumet.
  2236 | D:3      | Noticed a frost-covered statue
  2651 | D:3      | Killed Grinder
  2652 | D:3      | Reached skill level 5 in Summonings
  2652 | D:3      | Reached XP level 6. HP: 23/39 MP: 2/8
  2781 | D:4      | Reached skill level 6 in Summonings
  2903 | D:4      | Reached skill level 2 in Spellcasting
  3084 | D:4      | Noticed Menkaure
  3309 | D:4      | Reached skill level 3 in Fighting
  3397 | D:4      | Gained mutation: You regenerate magic and health when
                  | rolling toward enemies. (Rampage Regen) [Armataur growth]
  3397 | D:4      | Reached XP level 7. HP: 46/46 MP: 10/10
  3683 | D:4      | Killed Menkaure
  3684 | D:4      | Reached skill level 4 in Fighting
  3772 | D:5      | Entered Level 5 of the Dungeon
  3846 | D:5      | Reached skill level 5 in Fighting
  4149 | D:5      | Reached ** piety under Hepliaklqana
  4150 | D:5      | Remembered your ancestor Lici as a battlemage
  4306 | D:5      | Found a staircase to the Ecumenical Temple.
  4531 | D:5      | magus.rc [v1.9.6]
  4651 | D:6      | Reached skill level 1 in Evocations
  4651 | D:6      | Reached XP level 8. HP: 57/57 MP: 11/11
  4660 | D:6      | Reached skill level 6 in Fighting
  4660 | D:6      | Reached skill level 2 in Evocations
  4667 | D:6      | Reached skill level 3 in Evocations
  4794 | D:6      | Reached skill level 4 in Evocations
  4849 | D:6      | Reached skill level 1 in Shields
  4905 | D:6      | Found a shadowy altar of Dithmenos.
  4948 | D:6      | Reached skill level 2 in Shields
  5124 | D:6      | Reached skill level 3 in Shields
  5437 | D:7      | Reached skill level 4 in Shields
  5460 | D:7      | Reached skill level 5 in Shields
  5463 | D:7      | Reached skill level 1 in Armour
  5574 | D:7      | You pick up a book of Cantrips and begin reading...
  5574 | D:7      | You add the spells Necrotise and Apportation to your
                  | library.
  5613 | D:7      | Reached skill level 2 in Armour
  5684 | D:7      | Noticed a two-headed ogre
  5684 | D:7      | Noticed a boulder beetle
  5684 | D:7      | Noticed a brown ugly thing
  5748 | D:7      | Reached *** piety under Hepliaklqana
  5783 | D:7      | Reached XP level 9. HP: 52/63 MP: 12/12
  5898 | D:7      | Reached skill level 7 in Fighting
  5911 | D:7      | Killed a two-headed ogre
  5912 | D:7      | Reached skill level 8 in Fighting
  5996 | D:7      | Noticed a freezing wraith
  6059 | D:7      | Reached skill level 7 in Summonings
  6269 | D:7      | Killed a freezing wraith
  6270 | D:7      | Reached skill level 8 in Summonings
  6270 | D:7      | Reached skill level 1 in Polearms
  6463 | D:7      | Reached skill level 2 in Polearms
  6463 | D:7      | Reached XP level 10. HP: 72/72 MP: 13/13
  6571 | D:7      | You add the spells Ensorcelled Hibernation, Passwall,
                  | Freezing Cloud and Metabolic Englaciation to your library.
  6571 | D:7      | Got the Discursus on the Crevasse and the Quarry
  6596 | D:7      | Noticed a cyan ugly thing
  6603 | D:7      | Killed a brown ugly thing
  6604 | D:7      | Reached skill level 3 in Polearms
  6618 | D:7      | Killed a cyan ugly thing
  6619 | D:7      | Reached skill level 4 in Polearms
  6768 | D:7      | Noticed Maggie
  6778 | D:7      | Killed Maggie
  6856 | D:7      | Killed a boulder beetle
  6857 | D:7      | Reached skill level 5 in Polearms
  7101 | D:8      | Learned a level 3 spell: Summon Guardian Golem
  7150 | D:8      | Reached skill level 6 in Polearms
  7150 | D:8      | Reached skill level 1 in Hexes
  7254 | D:8      | Reached skill level 2 in Hexes
  7322 | D:8      | Noticed Jeremiah
  7327 | D:8      | Killed Jeremiah
  7328 | D:8      | Reached skill level 3 in Hexes
  7589 | D:8      | Reached skill level 4 in Hexes
  7609 | D:8      | You pick up a book of Conjurations {@e2} and begin
                  | reading...
  7609 | D:8      | You add the spells Magic Dart, Searing Ray and Fulminant
                  | Prism to your library.
  7786 | D:8      | Noticed Gastronok
  7805 | D:8      | Killed Gastronok
  7806 | D:8      | Reached skill level 6 in Evocations
  7806 | D:8      | Reached XP level 11. HP: 64/77 MP: 9/14
  8040 | D:9      | Reached skill level 3 in Armour
  8158 | D:9      | Found a staircase to the Orcish Mines.
  8483 | D:9      | Reached skill level 4 in Armour
  8591 | D:9      | Reached **** piety under Hepliaklqana
  8732 | D:9      | Found Zintasud's General Store.
  8740 | D:9      | Bought a scroll of identify for 30 gold pieces
  8740 | D:9      | Identified a scroll of acquirement
  8741 | D:9      | Acquired the +0 cloak "Riewk" {rElec rPois rC- Int+2}
  8780 | D:9      | Reached skill level 5 in Armour
  8816 | D:9      | Found a hazy altar of Hepliaklqana.
  8986 | D:10     | Entered Level 10 of the Dungeon
  9052 | D:10     | Reached skill level 2 in Dodging
  9141 | D:10     | Noticed a two-headed ogre
  9151 | D:10     | Killed a two-headed ogre
  9152 | D:10     | Reached skill level 3 in Dodging
  9211 | D:10     | Acquired the +2 barding "Nuqanex" {Int+4}
  9218 | D:10     | Acquired the +1 pair of gloves of Resonance {Str+3}
  9231 | D:10     | Reached skill level 7 in Polearms
  9292 | D:10     | You pick up a book of the Earth and begin reading...
  9292 | D:10     | You add the spells Leda's Liquefaction, Lee's Rapid
                  | Deconstruction and Bombard to your library.
  9484 | D:10     | Found a staircase to the Lair.
  9566 | D:10     | Learned a level 4 spell: Summon Lightning Spire
  9631 | D:10     | Found a blossoming altar of Fedhas.
  9673 | D:10     | Upgraded the game from 0.31-a0-1308-ga3cce3a448 to
                  | 0.31-a0-1317-gdfb52cbc09
  9673 | D:10     | magus.rc [v1.9.6]
  9709 | Lair:1   | Entered Level 1 of the Lair of Beasts
  9740 | Lair:1   | Reached skill level 1 in Air Magic
  9762 | Lair:1   | Reached skill level 2 in Air Magic
  9781 | Lair:1   | magus.rc [v1.9.6]
  9784 | Lair:1   | Reached skill level 3 in Air Magic
  9793 | Lair:1   | Reached skill level 4 in Air Magic
  9910 | Lair:1   | Reached skill level 5 in Air Magic
 10136 | Lair:1   | Noticed a skyshark
 10145 | Lair:1   | Killed a skyshark
 10146 | Lair:1   | Reached skill level 8 in Polearms
 10146 | Lair:1   | Reached XP level 12. HP: 82/82 MP: 1/15
 10593 | Lair:1   | Reached ***** piety under Hepliaklqana
 10815 | Lair:2   | Reached skill level 9 in Fighting
 10831 | Lair:2   | Found a staircase to the Swamp.
 10842 | Lair:2   | Identified the maw talisman of Zacu {Dex+4}
 10990 | Lair:2   | Noticed Urug
 10996 | Lair:2   | Found a gate leading to a gauntlet.
 11006 | Gauntlet | Entered a Gauntlet
 11006 | Gauntlet | Found a transporter.
 11010 | Gauntlet | Found a transporter.
 11013 | Gauntlet | Found a transporter.
 11018 | Gauntlet | Found a transporter.
 11022 | Gauntlet | Found a transporter.
 11026 | Gauntlet | Found a transporter.
 11035 | Gauntlet | Found a transporter.
 11038 | Gauntlet | Found a transporter.
 11047 | Gauntlet | Found a transporter.
 11050 | Gauntlet | Found a transporter.
 11058 | Gauntlet | Found a transporter.
 11081 | Gauntlet | Found a transporter.
 11093 | Gauntlet | Found a transporter.
 11106 | Gauntlet | Found a transporter.
 11203 | Gauntlet | Reached skill level 1 in Invocations
 11308 | Gauntlet | Identified the amulet of Springtime {Acrobat +Blink Int+4}
 11325 | Gauntlet | Reached skill level 2 in Invocations
 11417 | Gauntlet | Identified the +11 spear of Action {spect, ^Contam rPois
                  | rN+++ Int+3}
 11417 | Gauntlet | Noticed a minotaur
 11423 | Gauntlet | Killed a minotaur
 11424 | Gauntlet | Reached skill level 10 in Fighting
 11424 | Gauntlet | Reached skill level 3 in Invocations
 11467 | Gauntlet | You add the spells Summon Forest, Eringya's Noxious Bog and
                  | Summon Hydra to your library.
 11716 | Lair:2   | Killed Urug
 11717 | Lair:2   | Reached skill level 4 in Invocations
 12088 | Lair:2   | You pick up a book of Blasting and begin reading...
 12088 | Lair:2   | You add the spells Volatile Blastmotes and Iskenderun's
                  | Mystic Blast to your library.
 12397 | Lair:3   | Noticed a catoblepas
 12554 | Lair:3   | Killed a catoblepas
 12555 | Lair:3   | Reached skill level 5 in Invocations
 12684 | Lair:3   | Noticed a four-headed hydra
 12688 | Lair:3   | Reached skill level 6 in Invocations
 12707 | Lair:3   | You pick up a book of Displacement and begin reading...
 12707 | Lair:3   | You add the spells Lesser Beckoning, Gell's Gravitas and
                  | Teleport Other to your library.
 12727 | Lair:3   | Reached skill level 7 in Invocations
 12768 | Lair:3   | Killed a four-headed hydra
 12806 | Lair:3   | Reached skill level 8 in Invocations
 13002 | Lair:3   | Found a staircase to the Snake Pit.
 13286 | Lair:3   | Reached XP level 13. HP: 92/92 MP: 19/19
 13394 | Lair:3   | Reached skill level 9 in Polearms
 13577 | Lair:3   | You pick up a book of Burglary and begin reading...
 14117 | Lair:4   | Found a runed translucent gate.
 14141 | Lair:4   | Reached skill level 10 in Polearms
 14245 | Lair:4   | Reached skill level 6 in Armour
 14433 | Lair:4   | Reached ****** piety under Hepliaklqana
 14435 | Lair:4   | Identified the +8 war axe of the Sky {flame, *Slow Str+4
                  | Int+3 Stlth+}
 14545 | Lair:4   | Reached skill level 7 in Armour
 14761 | Lair:4   | Found a runed translucent gate.
 14761 | Lair:4   | Found a runed translucent gate.
 14761 | Lair:4   | Noticed PanSaczeczos's ghost (journeyman DsWn)
 14895 | Lair:4   | Found a viscous altar of Jiyva.
 15117 | Lair:5   | Entered Level 5 of the Lair of Beasts
 15125 | Lair:5   | Reached skill level 8 in Armour
 15230 | Lair:5   | Noticed Josephine
 15418 | Lair:5   | Reached skill level 3 in Spellcasting
 15449 | Lair:5   | Reached skill level 4 in Spellcasting
 15689 | Lair:5   | Killed Josephine
 15728 | Lair:5   | Reached skill level 9 in Summonings
 15802 | Lair:5   | You pick up a book of Necromancy and begin reading...
 15802 | Lair:5   | You add the spells Vampiric Draining and Agony to your
                  | library.
 16007 | Lair:5   | Reached XP level 14. HP: 82/99 MP: 21/21
 16018 | Lair:5   | Reached skill level 5 in Spellcasting
 16315 | Lair:5   | Reached skill level 10 in Summonings
 16420 | Lair:5   | Learned a level 5 spell: Summon Forest
 16456 | Lair:5   | Found a large runed translucent door.
 16460 | Lair:5   | Found a large runed translucent door.
 16488 | Lair:5   | Reached skill level 1 in Translocations
 16511 | Lair:5   | Reached skill level 2 in Translocations
 16611 | Lair:5   | Reached skill level 3 in Translocations
 17497 | Orc:1    | Entered Level 1 of the Orcish Mines
 17519 | Orc:1    | Reached skill level 4 in Translocations
 17813 | Orc:1    | Found a shimmering blue altar of Sif Muna.
 17853 | Orc:2    | Entered Level 2 of the Orcish Mines
 17969 | Orc:2    | Reached skill level 5 in Translocations
 18206 | Orc:2    | Noticed an orc warlord
 18218 | Orc:2    | Killed an orc warlord
 18219 | Orc:2    | Reached skill level 6 in Translocations
 18265 | Orc:2    | Reached skill level 7 in Translocations
 18333 | Orc:2    | Reached skill level 8 in Translocations
 18365 | Orc:2    | Reached skill level 9 in Translocations
 18406 | Orc:2    | Found Tixad Vutz's Antique Weapon Emporium.
 18406 | Orc:2    | Found Couhelun's Jewellery Boutique.
 18412 | Orc:2    | Reached skill level 10 in Translocations
 18412 | Orc:2    | Found a staircase to the Elven Halls.
 18412 | Orc:2    | Found Raigeu Ongeb's Antique Armour Boutique.
 18412 | Orc:2    | Found Ifuet's Antique Weapon Shoppe.
 18433 | Orc:2    | Reached XP level 15. HP: 69/103 MP: 9/22
 18438 | Orc:2    | Reached skill level 7 in Evocations
 18511 | Orc:2    | Bought the amulet of Eguloet {RegenMP rElec rN+ Int+4} for
                  | 679 gold pieces
 18529 | Orc:2    | Learned a level 4 spell: Leda's Liquefaction
 18630 | Orc:2    | Found a runed translucent gate.
 18631 | Orc:2    | Found a runed translucent gate.
 18632 | Orc:2    | Noticed bumbalina's ghost (journeyman HOFi)
 18633 | Orc:2    | Found a runed translucent gate.
 18918 | D:9      | magus.rc [v1.9.6]
 18918 | D:9      | magus.rc [v1.9.6]
 18978 | D:11     | Reached skill level 1 in Earth Magic
 20137 | D:12     | Reached skill level 2 in Earth Magic
 20556 | D:12     | Found a portal to a secret trove of treasure.
 20573 | D:12     | You paid a toll of 6 scrolls of fog to enter a treasure
                  | trove
 20574 | Trove    | Entered a treasure trove
 20662 | Trove    | Identified the amulet "Ebusamij" {Spirit rN+}
 20664 | Trove    | Identified the ring "Fudut" {*Corrode rPois rC+ Str+2
                  | Dex+6}
 20666 | Trove    | Identified the ring of Besikig {rElec rN+ Int-5 Slay+3}
 20669 | Trove    | Identified the ring "Bureik" {rN+ Int-2 Dex+3 Slay+4 SInv}
 20678 | Trove    | Identified the ring "Zeomom" {Ice rElec}
 20681 | Trove    | Identified the amulet of Rihius {RegenMP Int+4 Dex-3
                  | Stlth+}
 20924 | D:12     | Identified the +8 orcbow of Triumph {flame, rF++ Str+5
                  | Int-3}
 21168 | D:13     | Reached skill level 4 in Dodging
 21179 | D:13     | Reached skill level 6 in Shields
 21311 | D:13     | Identified the +6 chain mail of Polytheism {Slay+2 Stlth+}
 21321 | D:13     | Found a gate to the Vaults.
 21403 | D:13     | Reached skill level 7 in Shields
 21642 | D:13     | Reached skill level 8 in Shields
 21830 | D:13     | Identified the +2 cloak of Omair {rC++ Dex+4 Stlth-}
 22184 | D:14     | Reached skill level 9 in Shields
 22454 | D:14     | You pick up a book of Blood and begin reading...
 22618 | D:14     | Reached skill level 10 in Shields
 22694 | D:14     | Identified +2 pearl dragon scales
 22695 | D:14     | f - +2 pearl dragon scales {rare=g}
 22734 | D:14     | You finish putting on your +2 pearl dragon scales {rare=g}.
 22739 | D:14     | You finish taking off your +2 pearl dragon scales {rare=g}.
 22754 | D:14     | You finish putting on your +2 pearl dragon scales {rare=g}.
 22759 | D:14     | You finish taking off your +2 pearl dragon scales {rare=g}.
 22838 | D:14     | Noticed Azrael
 22853 | D:14     | Killed Azrael
 23074 | D:14     | Identified the +5 ring mail "Qogru" {rF+ rC+ Str+3 Dex-5}
 23086 | D:14     | You drop +2 pearl dragon scales {rare=g}.
 23088 | D:14     | f - +2 pearl dragon scales {rare=g}
 23268 | D:14     | Noticed Lodul
 23278 | D:14     | Killed Lodul
 23345 | D:14     | Found Jubruw's Fire Supplies.
 23628 | D:14     | Reached skill level 11 in Shields
 23665 | D:15     | Entered Level 15 of the Dungeon
 23805 | D:15     | Found an iron altar of Okawaru.
 24075 | D:15     | Found Voivadgh's Antique Weapon Emporium.
 24117 | D:15     | Reached XP level 16. HP: 108/109 MP: 24/24
 24226 | D:15     | Reached skill level 12 in Shields
 24431 | D:15     | Found a staircase to the Depths.
 24771 | Lair:1   | magus.rc [v1.9.6]
 24788 | Snake:1  | Entered Level 1 of the Snake Pit
 24788 | Snake:1  | Noticed Rupert
 24789 | Snake:1  | Paralysed by Rupert for 4 turns
 24961 | Swamp:1  | Entered Level 1 of the Swamp
 25011 | Swamp:1  | Reached skill level 13 in Shields
 25825 | Swamp:1  | Reached skill level 11 in Fighting
 26088 | Swamp:1  | magus.rc [v1.9.6]
 26316 | Swamp:2  | You add the spells Shock, Fugue of the Fallen and
                  | Spellforged Servitor to your library.
 26316 | Swamp:2  | Got the Quarto of Bruises and Despair
 26392 | Swamp:2  | Reached skill level 9 in Armour
 26988 | Swamp:3  | Reached skill level 12 in Fighting
 26992 | Swamp:3  | Reached skill level 10 in Armour
 27242 | Swamp:3  | Reached skill level 11 in Armour
 27604 | Swamp:3  | Reached skill level 12 in Armour
 27842 | Swamp:4  | Entered Level 4 of the Swamp
 27875 | Swamp:4  | Reached XP level 17. HP: 62/119 MP: 20/25
 28449 | Swamp:4  | Reached skill level 5 in Dodging
 28473 | Swamp:4  | Reached skill level 13 in Armour
 28495 | Swamp:4  | magus.rc [v1.9.6]
 28615 | Swamp:4  | Reached skill level 6 in Dodging
 28752 | Swamp:4  | Got a decaying rune of Zot
 28862 | Swamp:4  | Reached skill level 14 in Armour
 29149 | Lair:3   | Killed Rupert
 29150 | Lair:3   | Reached skill level 5 in Hexes
 29514 | Snake:1  | Reached skill level 3 in Earth Magic
 29698 | Snake:1  | Reached skill level 4 in Earth Magic
 29826 | Snake:1  | Reached skill level 6 in Hexes
 29986 | Snake:1  | You add the spells Haunt, Borgnjor's Revivification and
                  | Death's Door to your library.
 30275 | Snake:2  | Noticed Vashnia
 30301 | Snake:2  | Reached skill level 5 in Earth Magic
 30387 | Snake:2  | HP: 21/119 [Vashnia/arrow (27)]
 30540 | Snake:2  | Killed Vashnia
 30541 | Snake:2  | Reached skill level 6 in Earth Magic
 30649 | Snake:2  | Reached skill level 6 in Spellcasting
 31223 | Snake:2  | Found Qosehoaw's Jewellery Boutique.
 31322 | Snake:2  | Identified the serpent talisman of the Haunted God {rCorr
                  | Int-5 Dex+2}
 31322 | Snake:2  | Noticed Aizul
 31332 | Snake:2  | Killed Aizul
 31534 | Snake:2  | magus.rc [v1.9.6]
 31549 | Snake:3  | You pick up a book of Fire and begin reading...
 31549 | Snake:3  | You add the spells Foxfire, Plasma Beam and Starburst to
                  | your library.
 31901 | Snake:3  | Noticed Jorgrun
 32056 | Snake:3  | Reached XP level 18. HP: 107/126 MP: 27/27
 32219 | Snake:3  | Reached skill level 14 in Shields
 32500 | Snake:3  | You pick up a book of Unlife and begin reading...
 32500 | Snake:3  | You add the spells Animate Dead, Borgnjor's Vile Clutch and
                  | Death Channel to your library.
 32622 | Snake:3  | Killed Jorgrun
 32623 | Snake:3  | Reached skill level 13 in Fighting
 32735 | Snake:4  | Entered Level 4 of the Snake Pit
 32786 | Snake:4  | Noticed Saint Roka
 32800 | Snake:4  | Killed Saint Roka
 33155 | Snake:4  | Reached skill level 14 in Fighting
 34314 | Snake:4  | Reached skill level 7 in Hexes
 34314 | Snake:4  | Reached skill level 7 in Earth Magic
 34671 | Snake:4  | Got a serpentine rune of Zot
 34837 | D:10     | magus.rc [v1.9.6]
 34937 | Elf:1    | Entered Level 1 of the Elven Halls
 35093 | Elf:1    | Reached skill level 8 in Hexes
 35093 | Elf:1    | Reached skill level 8 in Earth Magic
 35207 | Elf:1    | Reached skill level 7 in Dodging
 35210 | Elf:1    | Noticed Louise
 35220 | Elf:1    | Killed Louise
 35532 | Elf:1    | Reached XP level 19. HP: 134/136 MP: 28/28
 35825 | Elf:1    | magus.rc [v1.9.6]
 35970 | Elf:2    | You pick up a book of Cantrips and begin reading...
 36007 | Elf:2    | Reached skill level 8 in Dodging
 36139 | Elf:2    | You pick up a book of Spontaneous Combustion and begin
                  | reading...
 36139 | Elf:2    | You add the spells Inner Flame, Irradiate and Ignition to
                  | your library.
 36168 | Elf:2    | You pick up a book of Frost and begin reading...
 36168 | Elf:2    | You add the spells Freeze, Frozen Ramparts and Hailstorm to
                  | your library.
 36292 | Elf:2    | Found a runed translucent gate.
 36292 | Elf:2    | Found a runed translucent gate.
 36297 | Elf:2    | Found a runed translucent gate.
 36583 | Elf:3    | Entered Level 3 of the Elven Halls
 36794 | Elf:3    | Reached skill level 9 in Dodging
 37140 | Elf:3    | Identified a +0 crystal plate armour
 37164 | Elf:3    | Identified the +3 falchion of the Establishment {distort,
                  | Dex+3}
 37226 | Elf:3    | Identified the +4 hand axe "Xymetwuw" {freeze, Str+6 Int+4}
 37235 | Elf:3    | Reached skill level 10 in Dodging
 37317 | Elf:3    | l - a +0 crystal plate armour {rare=g}
 37322 | Elf:3    | Identified the +8 battleaxe "Xitax" {speed, ^Drain rCorr}
 37325 | Elf:3    | Identified the ring "Buczaj" {rC+ rN+ Int+2 Dex+6 Stlth-}
 37401 | Elf:3    | HP: 7/136 [something/blast of crystal shards (28)]
 37734 | Elf:3    | You are cast into the Abyss!
 37734 | Abyss:2  | Cast into level 2 of the Abyss (a deep elf sorcerer)
 38001 | Elf:3    | You pass through the gate.
 38001 | Elf:3    | Escaped the Abyss
 38087 | Elf:3    | Identified the +0 leather armour of Birdsong {rElec rF+
                  | Dex+3 SInv}
 38179 | Elf:3    | You add the spells Tukima's Dance, Passage of Golubria and
                  | Yara's Violent Unravelling to your library.
 38368 | Elf:3    | You pick up a book of the Dragon and begin reading...
 38368 | Elf:3    | You add the spells Cause Fear, Fireball and Dragon's Call
                  | to your library.
 38371 | Elf:3    | You pick up a book of Power and begin reading...
 38386 | Elf:3    | Identified the +9 sling "Teimesoj" {drain, rF+ rC+++ Str+3}
 38406 | Elf:3    | You pick up a book of Dreams and begin reading...
 38410 | Elf:3    | Identified the +2 arbalest of the Desert {penet, ^Drain
                  | rPois rC- Int+8}
 38415 | Elf:3    | You pick up a book of Necromancy and begin reading...
 38444 | Elf:3    | Identified the staff of the Dungeon {rN+ Str+5 Necro}
 38447 | Elf:3    | Identified the +6 flail of Offence {flame, ^Drain rF+ rCorr
                  | Str+3}
 38646 | Elf:3    | You pick up a book of Storms and begin reading...
 38646 | Elf:3    | You add the spells Static Discharge and Airstrike to your
                  | library.
 38650 | Elf:3    | You pick up a book of Dreams and begin reading...
 38654 | Elf:3    | You pick up a book of Hexes and begin reading...
 38945 | Vaults:1 | Entered Level 1 of the Vaults
 38950 | Vaults:1 | Learned a level 3 spell: Fugue of the Fallen
 38955 | Vaults:1 | magus.rc [v1.9.6]
 38988 | Vaults:1 | Reached skill level 1 in Necromancy
 39055 | Vaults:1 | Found a runed translucent door.
 39057 | Vaults:1 | Noticed Plog's ghost (adept AtMo)
 39077 | Vaults:1 | Reached skill level 2 in Necromancy
 39077 | Vaults:1 | magus.rc [v1.9.6]
 39281 | Vaults:1 | Noticed Zenata
 39282 | Vaults:1 | Reached skill level 3 in Necromancy
 39291 | Vaults:1 | Killed Zenata
 39343 | Vaults:1 | Reached skill level 4 in Necromancy
 39412 | Vaults:1 | Reached skill level 5 in Necromancy
 39678 | Vaults:1 | Found a runed gate.
 39678 | Vaults:1 | Found a runed gate.
 39678 | Vaults:1 | Found a runed gate.
 39805 | Vaults:1 | Paralysed by a formless jellyfish for 1 turns
 39852 | Vaults:1 | Reached XP level 20. HP: 143/143 MP: 29/29
 40135 | Vaults:1 | Reached skill level 11 in Polearms
 40358 | Depths:1 | Entered Level 1 of the Depths
 40370 | Depths:1 | Found Ihilopn's Jewellery Boutique.
 40380 | Depths:1 | Found Kimemef's Book Shoppe.
 40381 | Depths:1 | Found Ytoqonn's Jewellery Boutique.
 40524 | Depths:1 | Found a one-way gate leading to the halls of Pandemonium.
 40566 | Depths:1 | Found a broken altar of Ashenzari.
 40629 | Depths:1 | Acquired Sif Muna's Meditations on Peregrination and Evil
 40630 | Depths:1 | You add the spells Kiss of Death, Momentum Strike, Blink,
                  | Manifold Assault and Malign Gateway to your library.
 40639 | Depths:1 | Learned a level 7 spell: Malign Gateway
 40644 | Depths:1 | Found an ancient bone altar of Kikubaaqudgha.
 40860 | Depths:1 | Found a one-way gate to the infinite horrors of the Abyss.
 40943 | Depths:1 | Reached skill level 12 in Polearms
 41467 | Depths:1 | Reached skill level 11 in Translocations
 41753 | Depths:1 | Found a gateway to Hell.
 41912 | Depths:2 | Found a magical portal.
 41921 | WizLab   | Entered Iskenderun's Mystic Tower
 42070 | WizLab   | Reached skill level 12 in Translocations
 43353 | WizLab   | Got Iskenderun's Tractate on Battling
 43353 | WizLab   | Got Iskenderun's Volume of Hurting
 43353 | WizLab   | You pick up a book of Touch and begin reading...
 43353 | WizLab   | You add the spells Confusing Touch and Dispel Undead to
                  | your library.
 43408 | WizLab   | You pick up a book of Displacement and begin reading...
 43408 | WizLab   | You pick up a book of Dreams and begin reading...
 43408 | WizLab   | Got the Collected Works on the Generative Voyage
 43423 | WizLab   | Identified a +1 robe of the Archmagi
 43625 | Depths:2 | Reached skill level 13 in Translocations
 43818 | Depths:2 | Found Cocawkia's Jewellery Shop.
 44536 | Depths:2 | You fall into a shaft and drop 1 floor!
 44711 | Depths:3 | Reached skill level 14 in Translocations
 45047 | Depths:3 | Reached XP level 21. HP: 134/148 MP: 30/30
 45167 | Depths:3 | You add the spells Ignite Poison and Sticky Flame to your
                  | library.
 45192 | Depths:3 | +0 shadow dragon scales {rare}; a shadow dragon corpse
 45313 | Depths:3 | Found an opulent altar of Gozag.
 45326 | Depths:3 | Reached skill level 15 in Translocations
 45631 | Depths:3 | You pick up a book of Ice and begin reading...
 45631 | Depths:3 | You add the spells Simulacrum, Ozocubu's Refrigeration and
                  | Polar Vortex to your library.
 45759 | Depths:3 | Identified the staff of the Owl {rF+ Str+3 Necro Fire}
 45815 | Depths:3 | Found a corrupted altar of Lugonu.
 46679 | Depths:2 | Reached skill level 16 in Translocations
 46830 | Depths:2 | Identified the amulet "Suvijycw" {Spirit rPois Dex+3}
 47310 | Depths:4 | Entered Level 4 of the Depths
 47332 | Depths:4 | Reached skill level 11 in Summonings
 47670 | Depths:4 | Found a glowing golden altar of the Shining One.
 47671 | Depths:4 | Found a broken altar of Ashenzari.
 47737 | Depths:4 | Found a one-way gateway to a ziggurat.
 47902 | Depths:4 | Found a gate to the Realm of Zot.
 48093 | Depths:4 | Found an opulent altar of Gozag.
 48108 | Depths:4 | Paralysed by a sphinx for 5 turns
 48122 | Depths:4 | Reached skill level 12 in Summonings
 48316 | Depths:4 | Noticed a juggernaut
 48316 | Depths:4 | Noticed a golden dragon
 48923 | Vaults:1 | Found a glowing golden altar of the Shining One.
 48943 | Vaults:1 | Identified the -2 cloak "Arheeluf" {rF- Str+2 Dex+4}
 48965 | Vaults:1 | Learned a level 2 spell: Blink
 49343 | Elf:3    | Learned a level 4 spell: Passage of Golubria
 49347 | Elf:3    | Learned a level 3 spell: Gell's Gravitas
 50321 | Vaults:2 | Reached skill level 13 in Summonings
 50696 | Vaults:2 | You pick up a book of the Spheres and begin reading...
 50696 | Vaults:2 | You add the spells Brom's Barrelling Boulder, Conjure Ball
                  | Lightning and Orb of Destruction to your library.
 51220 | Vaults:2 | Reached XP level 22. HP: 146/154 MP: 31/31
 51603 | Vaults:3 | Reached skill level 14 in Summonings
 51660 | Vaults:3 | Found a crumbling gateway.
 51723 | Vaults:3 | Identified the +10 halberd of Xalobb {antimagic, rPois rC-
                  | Will+ Str+3}
 51872 | Desolati | Entered the Desolation of Salt
 52015 | Desolati | Identified the ring "Vizoeth" {rElec rPois}
 52029 | Desolati | Identified the ring "Gogasire" {+Blink Fly rElec Str-2
                  | Dex+6}
 52032 | Desolati | Identified the +7 storm dragon scales of the Sacrificial
                  | Victim {rElec rF+}
 52033 | Desolati | t - the +7 storm dragon scales of the Sacrificial Victim
                  | {rElec rF+, rare}
 52121 | Desolati | Reached skill level 15 in Summonings
 52158 | Desolati | Identified the +2 leather armour "Ytaos" {rN++}
 52162 | Desolati | You pick up a book of Armaments and begin reading...
 52162 | Desolati | You add the spells Stone Arrow, Animate Armour and
                  | Lehudib's Crystal Spear to your library.
 52163 | Desolati | Identified the ring of the Stallion {rElec rF+ EV+5 SInv
                  | Stlth-}
 52165 | Desolati | Identified the +3 ring mail "Aliuc" {+Blink Will+ Slay+2}
 52647 | Vaults:3 | Identified the +5 arbalest of Bikhluus {flame, Will- Int+8
                  | Dex+2}
 53022 | Vaults:3 | Found a staircase to the Crypt.
 54269 | Vaults:4 | Identified the +7 glaive "Lyfedoku" {elec, Dex+6}
 54495 | Vaults:4 | Reached skill level 16 in Summonings
 54987 | Vaults:4 | Reached skill level 17 in Translocations
 54990 | Vaults:4 | Found Ebli's Armour Shoppe.
 55036 | Vaults:4 | Reached skill level 7 in Spellcasting
 55632 | Vaults:4 | Reached skill level 15 in Armour
 55632 | Vaults:4 | You drop the +7 storm dragon scales of the Sacrificial
                  | Victim {rElec rF+, rare}.
 55641 | Vaults:4 | You pick up a book of Sloth and begin reading...
 55716 | Vaults:4 | magus.rc [v1.9.6]
 56297 | Vaults:5 | Entered Level 5 of the Vaults
 56372 | Vaults:5 | Reached XP level 23. HP: 160/160 MP: 20/33
 56392 | Vaults:5 | Reached skill level 15 in Shields
 56636 | Vaults:5 | Identified +0 gold dragon scales
 56637 | Vaults:5 | Noticed an ancient lich
 56641 | Vaults:5 | HP: 31/161 [ancient lich/bolt of acid (51)]
 56641 | Vaults:5 | HP: 11/161 [yaktaur captain/bolt (20)]
 56656 | Vaults:5 | Reached skill level 8 in Spellcasting
 56780 | Vaults:5 | Reached skill level 16 in Armour
 56849 | Vaults:5 | Reached skill level 15 in Fighting
 56935 | Vaults:5 | Identified the +5 arbalest of Guilt {flame, rF+++ Int-3
                  | SInv Stlth+}
 57018 | Vaults:5 | Killed an ancient lich
 57249 | Vaults:5 | Identified the +1 hand axe of Distraction {venom, rPois rN+
                  | Int+6 Dex+3}
 57268 | Vaults:5 | You pick up a book of Sloth and begin reading...
 57309 | Vaults:5 | Reached skill level 16 in Fighting
 57354 | Vaults:5 | Identified the +1 lajatang of the Blessed Realm {pain,
                  | Dex+2}
 57436 | Vaults:5 | Identified the amulet "Ostuzeotz" {rElec rC+ Regen+ Str-3
                  | SInv}
 57498 | Vaults:5 | Identified the +3 leather armour of Pedaesch {rElec}
 57501 | Vaults:5 | Found Haluycvi's Jewellery Boutique.
 57509 | Vaults:5 | Identified the staff of Action {rPois rC+ Str-4 Int+6
                  | Earth}
 57529 | Vaults:5 | You pick up a book of Lightning and begin reading...
 57529 | Vaults:5 | You add the spells Vhi's Electric Charge and Arcjolt to
                  | your library.
 57530 | Vaults:5 | Identified the +1 short sword of the Land of Plenty {flame,
                  | *Corrode MP+9 Str+2}
 57539 | Vaults:5 | You pick up a book of Debilitation and begin reading...
 57539 | Vaults:5 | You add the spells Slow and Sigil of Binding to your
                  | library.
 57565 | Vaults:5 | Noticed an ancient lich
 57587 | Vaults:5 | Identified the +10 hand cannon "Dycum" {speed, rPois}
 57587 | Vaults:5 | Identified the +5 ring mail of the Echidna {Rampage rF-
                  | Dex+3 Slay+2}
 57873 | Vaults:5 | You pick up a book of Spectacle and begin reading...
 57873 | Vaults:5 | You add the spells Dazzling Flash and Maxwell's Capacitive
                  | Coupling to your library.
 57875 | Vaults:5 | Got Toluihul's Octavo of Virous Phantasms
 57881 | Vaults:5 | You pick up a book of the Wilderness and begin reading...
 57881 | Vaults:5 | You add the spells Summon Mana Viper and Summon Cactus
                  | Giant to your library.
 58236 | Vaults:5 | Identified +0 gold dragon scales
 58278 | Vaults:5 | Identified the +4 scimitar of Articulation {venom, +Blink
                  | rElec Str+2 Dex+3}
 58292 | Vaults:5 | Killed an ancient lich
 58435 | Vaults:5 | Got a silver rune of Zot
 58445 | Vaults:5 | You pick up a book of Ice and begin reading...
 59422 | Lair:4   | Found a staircase to the Slime Pits.
 59432 | Lair:4   | Reached skill level 17 in Armour
 59624 | Slime:1  | Entered Level 1 of the Pits of Slime
 60590 | Slime:2  | Paralysed by a formless jellyfish for 1 turns
 60592 | Slime:2  | Reached XP level 24. HP: 163/173 MP: 26/35
 61076 | Slime:5  | Entered Level 5 of the Pits of Slime
 61210 | Slime:4  | Reached skill level 17 in Summonings
 61212 | Slime:4  | Reached skill level 17 in Fighting
 61493 | Slime:5  | Noticed the Royal Jelly
 61549 | Slime:5  | Killed the Royal Jelly
 61550 | Slime:5  | Reached skill level 18 in Armour
 61565 | Slime:5  | Got a slimy rune of Zot
 61566 | Slime:5  | Got a starry gem with 128 turns to spare
 61582 | Slime:5  | You pick up a book of Displacement and begin reading...
 61585 | Slime:5  | You pick up a book of Ice and begin reading...
 61587 | Slime:5  | Identified the +2 spear "Ivenomp" {freeze, rC+ rN+}
 61690 | Slime:5  | Lost the starry gem through the power of Zot.Buggy note
                  | description: unknown note type
 61741 | Slime:5  | Found the ring of the Mage {Wiz Archmagi}
 61750 | Slime:5  | Got Gakk's Information on the Deep Freeze and Substances
 61754 | Slime:5  | You pick up a book of Blasting and begin reading...
 61810 | Slime:5  | Found the ring of Shadows {Umbra +Inv Stlth+}
 61903 | Slime:5  | Identified the staff "Ziepiheh" {rF+ rCorr Fire}
 61907 | Slime:5  | Got the Quarto of the Postmodern Queens
 61977 | Lair:4   | magus.rc [v1.9.6]
 62374 | Zot:1    | Entered Level 1 of the Realm of Zot
 62512 | Depths:4 | Reached skill level 18 in Summonings
 62745 | Depths:4 | Killed a juggernaut
 62930 | Depths:4 | Identified +0 gold dragon scales
 63072 | Depths:4 | +0 gold dragon scales {rare}; a golden dragon corpse
 63086 | Depths:4 | Reached skill level 18 in Fighting
 63093 | Depths:4 | +0 gold dragon scales {rare}; a golden dragon corpse
 63678 | Depths:4 | a hell knight comes into view. It is wielding a +0 scimitar
                  | and wearing the +4 Cigotuvi's embrace {Corpsefed rMiasma
                  | ^Drain rN+}.
 63685 | Depths:4 | Reached skill level 19 in Armour
 63710 | Depths:4 | Identified +0 gold dragon scales
 63717 | Depths:4 | You pick up a book of Cantrips and begin reading...
 63858 | Depths:4 | Noticed a caustic shrike
 63873 | Depths:4 | Killed a caustic shrike
 63917 | Depths:4 | +0 gold dragon scales {rare}; a golden dragon corpse
 63941 | Depths:4 | Identified the +0 shortbow of Usurping Instant Death
                  | {speed, rCorr MP+9 Str-5}
 63953 | Depths:4 | Identified the staff "Dolorgh" {rPois rN+ Str+3 Necro}
 63972 | Depths:4 | You pick up a book of Spectacle and begin reading...
 64009 | Depths:4 | Identified the ring "Uzxoattesk" {rPois Str+4 Int-2 Dex-3
                  | SInv}
 64024 | Depths:4 | quicksilver dragon scales {rare}; a quicksilver dragon
                  | corpse
 64031 | Depths:4 | quicksilver dragon scales {rare}; a quicksilver dragon
                  | corpse
 64033 | Depths:4 | quicksilver dragon scales {rare}; a quicksilver dragon
                  | corpse
 64284 | Depths:4 | quicksilver dragon scales {rare}; a quicksilver dragon
                  | skeleton
 64393 | Depths:4 | quicksilver dragon scales {rare}; a quicksilver dragon
                  | skeleton
 64428 | Depths:4 | Reached skill level 20 in Armour
 64710 | Zot:1    | Identified +0 gold dragon scales
 64734 | Zot:1    | +0 gold dragon scales {rare}; a golden dragon corpse
 64908 | Zot:1    | +0 gold dragon scales {rare}; a golden dragon corpse
 64938 | Zot:1    | +0 gold dragon scales {rare}; a golden dragon skeleton
 64940 | Zot:1    | +0 gold dragon scales {rare}; a golden dragon skeleton
 65015 | Zot:1    | +0 gold dragon scales {rare}; a golden dragon skeleton
 65130 | Zot:1    | Reached XP level 25. HP: 160/183 MP: 29/35
 65237 | Zot:2    | Reached skill level 21 in Armour
 65611 | Zot:3    | Identified +0 gold dragon scales
 65613 | Zot:3    | +0 gold dragon scales {rare}; a golden dragon corpse
 65720 | Zot:3    | +0 gold dragon scales {rare}; a golden dragon corpse
 65789 | Zot:3    | +0 gold dragon scales {rare}; a golden dragon corpse
 65808 | Zot:3    | Identified +0 gold dragon scales
 65809 | Zot:3    | Reached skill level 22 in Armour
 65991 | Zot:5    | Entered Level 5 of the Realm of Zot
 66175 | Zot:5    | Got a prismatic gem with 301 turns to spare
 66179 | Zot:5    | magus.rc [v1.9.6]
 66227 | Zot:5    | Reached skill level 19 in Fighting
 66478 | Zot:5    | Lost the prismatic gem through the power of Zot.Buggy note
                  | description: unknown note type
 66531 | Zot:5    | Noticed an orb of fire
 66537 | Zot:5    | Gained mutation: You passively map a small area around you.
                  | [an orb of fire]
 66544 | Zot:5    | Gained mutation: Your magical capacity is low. (-10% MP)
                  | [an orb of fire]
 66546 | Zot:5    | Lost mutation: Your magical capacity is low. (-10% MP)
                  | [potion of mutation]
 66546 | Zot:5    | Lost mutation: You passively map a small area around you.
                  | [potion of mutation]
 66546 | Zot:5    | Gained mutation: You have very sharp teeth. [potion of
                  | mutation]
 66546 | Zot:5    | Gained mutation: You are covered in fur. (AC +1) [potion of
                  | mutation]
 66546 | Zot:5    | Gained mutation: You are strong-willed. (Will+) [potion of
                  | mutation]
 66546 | Zot:5    | Gained mutation: Your magical capacity is low. (-10% MP)
                  | [potion of mutation]
 66546 | Zot:5    | Gained mutation: You are robust. (+10% HP) [potion of
                  | mutation]
 66546 | Zot:5    | Gained mutation: Your system is resistant to poisons.
                  | (rPois) [potion of mutation]
 66557 | Zot:5    | HP: 48/207 [orb of fire/fireball (19)]
 66559 | Zot:5    | Gained mutation: You sometimes lose your temper in combat.
                  | [an orb of fire]
 67218 | Zot:5    | Killed an orb of fire
 67393 | Zot:5    | Noticed an ancient lich
 67402 | Zot:5    | Killed an ancient lich
 67501 | Zot:5    | Noticed a Killer Klown
 67554 | Zot:5    | Killed a Killer Klown
 67646 | Zot:5    | Noticed a Killer Klown
 67657 | Zot:5    | Noticed a dread lich
 67660 | Zot:5    | Killed a Killer Klown
 67669 | Zot:5    | Killed a dread lich
 67933 | Zot:5    | Noticed a dread lich
 67939 | Zot:5    | Noticed an electric golem
 67941 | Zot:5    | Killed a dread lich
 67942 | Zot:5    | Reached skill level 20 in Fighting
 67944 | Zot:5    | Killed an electric golem
 68028 | Zot:5    | Noticed a Killer Klown
 68029 | Zot:5    | Noticed a Killer Klown
 68035 | Zot:5    | Killed a Killer Klown
 68042 | Zot:5    | Killed a Killer Klown
 68051 | Zot:5    | Gained mutation: You occasionally shout uncontrollably at
                  | your foes. [mutagenic glow]
 68061 | Zot:5    | Gained mutation: You are dopey. (Int -2) [mutagenic glow]
 68080 | Zot:5    | Gained mutation: You frequently scream uncontrollably at
                  | your foes. [mutagenic glow]
 68443 | Zot:5    | Noticed an electric golem
 68452 | Zot:5    | Noticed a Killer Klown
 68455 | Zot:5    | Killed an electric golem
 68456 | Zot:5    | Reached skill level 21 in Fighting
 68459 | Zot:5    | quicksilver dragon scales {rare}; a quicksilver dragon
                  | corpse
 68491 | Zot:5    | Noticed an orb of fire
 68492 | Zot:5    | Noticed an orb of fire
 68492 | Zot:5    | Killed a Killer Klown
 68494 | Zot:5    | Noticed a Killer Klown
 68512 | Zot:5    | Killed an orb of fire
 68513 | Zot:5    | Reached XP level 26. HP: 112/222 MP: 31/31
 68518 | Zot:5    | Killed an orb of fire
 68869 | Zot:5    | Got the Orb of Zot
 69418 | D:9      | Noticed Eqimeahe the pandemonium lord
 69528 | D:$      | Escaped with the Orb!

Vanquished Creatures
  A Killer Klown (Zot:5)
  A caustic shrike (Depths:4)
  3 golden dragons
  A Tzitzimitl (Depths:4)
  An electric golem (Zot:5)
  A tentacled monstrosity (Zot:5)
  A walking crystal tome (Depths:3)
  8 Orb Guardians (Zot:5)
  A Hell Sentinel (Abyss:2)
  A deep elf blademaster (Elf:3)
  2 quicksilver dragons
  2 walking frostbound tomes (Depths:3)
  A lich (Depths:2)
  7 acid blobs (Slime:5)
  A deep elf master archer (Elf:3)
  3 titans
  2 sphinxes
  An ancient champion (Vaults:3)
  A death cob (Zot:3)
  6 storm dragons
  7 tengu reavers
  4 shadow dragons
  4 nagarajas (Snake:4)
  Aizul (Snake:2)
  2 fenstrider witches
  8 fire giants
  3 azure jellies (Slime:5)
  3 protean progenitors
  A draconian shifter (Zot:5)
  A daeva (Vaults:1)
  A rockslime (Slime:5)
  6 frost giants
  A deep elf sorcerer (Vaults:3)
  2 iron dragons (Depths:4)
  5 vault wardens
  An imperial myrmidon (Desolation)
  An orc warlord (Vaults:2)
  A balrug (Depths:2)
  A ghoul (Swamp:2)
  3 deep elf elementalists (Elf:3)
  9 ironbound preservers
  3 war gargoyles
  A draconian stormcaller (WizLab)
  3 formless jellyfish
  7 quicksilver oozes
  A draconian annihilator (WizLab)
  2 ironbound thunderhulks
  2 very ugly things (Depths:4)
  7 stone giants
  A vampire knight (Depths:3)
  A deep elf annihilator (Elf:3)
  A dire elephant (Vaults:3)
  3 deep elf death magi
  4 deep elf demonologists
  7 purple draconians
  3 eleionomae
  Azrael (D:14)
  4 spark wasps
  A halazid warlock (Desolation)
  3 white draconians
  A yellow draconian (Zot:3)
  A minotaur (Gauntlet)
  2 statues (WizLab)
  3 bunyips (Swamp:3)
  2 crystal guardians
  8 ettins
  6 yaktaur captains
  4 fire dragons
  A blizzard demon (Depths:2)
  2 ragged hierophants (Desolation)
  2 shambling mangroves
  A deep elf high priest (Vaults:5)
  6 great orbs of eyes
  2 servants of whispers (Desolation)
  3 ogre magi
  6 ice dragons
  3 peacekeepers
  2 ghost crabs
  4 salamander tyrants (Snake:4)
  8 vault guards
  A hell beast (Depths:2)
  5 ironbound frosthearts
  16 hydras
  7 anacondas
  2 death knights
  5 spriggan air magi
  5 centaur warriors
  7 alligators
  2 boulder beetles
  7 dancing weapons
  13 two-headed ogres
  7 deep troll shamans
  4 deep troll earth magi
  14 naga warriors
  8 naga sharpshooters
  7 tengu warriors
  4 shock serpents
  2 vampire magi
  3 shock serpents (shapeshifter)
  2 spriggan berserkers
  Urug (Lair:2)
  4 deep elf knights (Elf:1)
  A hell hog (Lair:5)
  4 hell knights
  A soul eater (Depths:2)
  A wretched star (Abyss:2)
  6 spriggans
  3 iron trolls
  2 fire crabs
  A salamander mystic (Snake:3)
  38 deep trolls
  A shadow wraith (Vaults:5)
  3 flayed ghosts
  A glowing orange brain (shapeshifter) (Depths:4)
  A skyshark (Lair:5)
  3 naga ritualists
  4 skeletal warriors
  Lodul (D:14)
  5 goliath frogs
  3 glowing orange brains
  5 arcanists
  6 bog bodies
  2 phantasmal warriors
  5 orc knights
  8 lindwurms
  3 swamp dragons (Swamp:4)
  6 deep elf archers
  A steelbarb worm (shapeshifter) (Depths:2)
  19 deep elf pyromancers
  18 deep elf zephyrmancers
  13 ironbound convokers
  A wolf spider (D:15)
  4 necromancers
  2 manticores
  3 cyclopes
  19 ugly things
  4 salamanders
  An oklob plant (Lair:4)
  3 orc sorcerers
  2 moths of wrath (Zot:5)
  An iron dragon skeleton (Depths:2)
  6 mana vipers
  4 will-o-the-wisps
  12 elephants
  10 naga magi
  13 black mambas
  11 vault sentinels
  2 human skeletons (Vaults:3)
  6 guardian serpents
  A molten gargoyle (Lair:5)
  2 gargoyles
  Jeremiah (D:8)
  A fire giant skeleton (Depths:2)
  2 unseen horrors
  Maggie (D:7)
  10 cane toads
  A smoke demon (Depths:2)
  4 rime drakes
  7 komodo dragons
  2 freezing wraiths
  4 efreet
  A komodo dragon (shapeshifter) (Depths:3)
  3 kobold demonologists
  7 trolls
  5 tengu conjurers
  31 yaktaurs
  A bloated husk (Swamp:1)
  A hellwing (Depths:1)
  9 hornets
  Grinder (D:3)
  10 tyrant leeches
  2 glass eyes (Depths:4)
  3 yaktaur skeletons (Vaults:3)
  19 saltlings
  8 blink frogs
  2 glass eyes (shapeshifter) (Depths:2)
  53 slime creatures
  3 shadows
  15 yaks
  2 water elementals
  6 wyverns
  A yak (shapeshifter) (D:15)
  7 wraiths
  7 basilisks
  5 fire elementals
  An ettin skeleton (Vaults:3)
  A golden eye (Slime:5)
  A steam dragon (Lair:5)
  A vampire mosquito (D:10)
  2 redbacks
  15 nagas
  11 swamp worms
  A swamp worm (shapeshifter) (Vaults:5)
  4 hell hounds
  11 water moccasins
  2 glowing shapeshifter skeletons (Vaults:3)
  2 sky beasts
  4 swamp drakes
  11 orc warriors
  2 black bears
  23 ogres
  3 boggarts (Vaults:1)
  A centaur (D:8)
  A kobold brigand (D:8)
  A brain worm (Abyss:2)
  8 bullfrogs
  2 gnoll sergeants
  A necrophage (Swamp:2)
  3 small abominations
  A wight (D:8)
  3 killer bees
  4 nameless horrors
  6 howler monkeys
  4 electric eels
  A hound (D:4)
  2 lava snakes (Lair:5)
  2 quasits (Abyss:2)
  A jelly (D:5)
  9 orc priests
  2 starcursed masses (Abyss:2)
  5 iguanas
  5 hell rats (Lair:3)
  12 orc wizards
  6 gnolls
  An adder (D:4)
  An ufetubus (D:6)
  A worm (D:3)
  3 dart slugs
  35 orcs
  5 bats
  2 endoplasms (D:1)
  A giant cockroach (D:4)
  2 goblins (D:2)
  3 hobgoblins
  3 jackals
  4 quokkas
  2 ball pythons
  2 frilled lizards (D:1)
  17 kobolds
  6 rats
  An aspiring flesh (Zot:5)
  A snaplasher vine (Depths:1)
  A spectral weapon (Swamp:4)
1131 creatures vanquished.

Vanquished Creatures (collateral kills)
  the Royal Jelly (Slime:5)
  2 dread liches (Zot:5)
  3 orbs of fire (Zot:5)
  3 ancient liches
  A juggernaut (Depths:4)
  6 Killer Klowns (Zot:5)
  Saint Roka (Snake:4)
  Vashnia (Snake:2)
  6 golden dragons
  Jorgrun (Snake:3)
  2 walking earthen tomes
  7 tentacled monstrosities
  An electric golem (Zot:5)
  Rupert (Lair:3)
  15 Orb Guardians (Zot:5)
  Zenata (Vaults:1)
  A deep elf blademaster (Elf:3)
  A deep elf master archer (Elf:3)
  4 titans (Vaults:5)
  3 liches
  14 acid blobs
  5 death cobs
  3 quicksilver dragons
  8 sphinxes
  5 shadow dragons
  2 eldritch tentacles
  A thorn hunter (Swamp:4)
  4 tengu reavers
  10 storm dragons
  A daeva (Vaults:1)
  A draconian monk (Zot:1)
  3 azure jellies (Slime:5)
  A fenstrider witch (Swamp:3)
  8 rockslimes
  4 protean progenitors
  2 fire giants
  2 deep elf elementalists (Elf:3)
  5 draconian knights
  6 frost giants
  7 deep elf sorcerers
  12 vault wardens
  3 draconian stormcallers
  2 imperial myrmidons (Desolation)
  A draconian scorcher (Zot:5)
  A demonspawn blood saint (Depths:4)
  An orc warlord (Orc:2)
  4 quicksilver oozes
  Louise (Elf:1)
  A war gargoyle (Vaults:2)
  6 ironbound preservers
  A broodmother (Vaults:5)
  4 draconian annihilators
  3 formless jellyfish
  2 very ugly things (Depths:4)
  5 black draconians
  9 stone giants
  2 ironbound thunderhulks
  An eleionoma (Swamp:2)
  2 green draconians (Zot:5)
  4 deep elf death magi
  5 deep elf annihilators
  A bunyip (Swamp:4)
  4 dire elephants
  6 white draconians
  6 red draconians
  7 yellow draconians
  7 purple draconians
  3 spark wasps
  A blizzard demon (Depths:4)
  3 statues (WizLab)
  Josephine (Lair:5)
  A crystal guardian (Desolation)
  6 ettins
  A fire dragon (Depths:4)
  3 ragged hierophants (Desolation)
  A shambling mangrove (Swamp:1)
  An entropy weaver (Vaults:1)
  3 deep elf high priests
  2 rakshasas
  25 vault guards
  6 yaktaur captains
  9 ice dragons
  2 great orbs of eyes
  6 hydras
  3 peacekeepers (Desolation)
  6 centaur warriors
  A catoblepas (Lair:3)
  3 ogre magi
  3 servants of whispers (Desolation)
  A salamander tyrant (Snake:4)
  8 two-headed ogres
  3 alligators
  A death knight (D:15)
  3 anacondas
  8 dancing weapons
  4 ironbound frosthearts
  A spriggan air mage (Depths:1)
  7 deep troll shamans
  A ghost crab (Swamp:4)
  A hell hog (Lair:5)
  2 death yaks (Lair:3)
  4 naga warriors
  4 boulder beetles
  4 tengu warriors
  4 spriggan berserkers
  An occultist (Depths:1)
  4 deep troll earth magi
  10 naga sharpshooters
  2 vampire magi (Depths:2)
  2 hell knights
  A shock serpent (Snake:2)
  3 skeletal warriors
  3 spriggans
  3 skysharks
  5 deep elf knights
  3 iron trolls
  6 goliath frogs
  A skyshark (shapeshifter) (Vaults:5)
  A sixfirhy (Abyss:2)
  2 spriggan druids (Swamp:4)
  2 flayed ghosts
  2 glowing orange brains
  27 deep trolls
  9 swamp dragons
  3 deep elf archers
  5 naga ritualists
  An arcanist (Vaults:1)
  A bog body (Swamp:2)
  3 necromancers
  5 ironbound convokers
  8 deep elf zephyrmancers
  2 phantasmal warriors (Vaults:5)
  A wolf spider (D:12)
  6 lindwurms
  3 mana vipers (Snake:3)
  An orc knight (Vaults:2)
  6 oklob plants
  7 deep elf pyromancers
  A shadow dragon skeleton (Depths:2)
  3 shining eyes
  A will-o-the-wisp (Swamp:2)
  9 ugly things
  3 salamanders
  3 manticores
  6 moths of wrath
  4 cyclopes
  6 elephants
  A nameless horror (Lair:5)
  A stone giant skeleton (Vaults:3)
  11 vault sentinels
  2 human skeletons (Vaults:3)
  8 black mambas
  A frost giant skeleton (Vaults:3)
  A water nymph (shapeshifter) (Vaults:5)
  6 guardian serpents
  A smoke demon (Abyss:2)
  An orange demon (D:7)
  A torpor snail (Lair:3)
  3 eyes of devastation
  2 large abominations
  7 naga magi
  A molten gargoyle (Lair:5)
  2 unseen horrors (D:11)
  3 cane toads
  An efreet (D:13)
  2 rime drakes
  2 freezing wraiths
  3 komodo dragons
  10 yaktaurs
  12 tengu conjurers
  A hellwing (Abyss:2)
  A queen bee (shapeshifter) (D:13)
  A bloated husk (Swamp:4)
  A meliai (shapeshifter) (Vaults:5)
  3 trolls
  3 tyrant leeches
  7 hornets
  23 saltlings
  A raiju (Abyss:2)
  2 glass eyes
  4 blink frogs
  65 slime creatures
  A jumping spider (Vaults:1)
  2 shadows
  3 small abominations
  A water elemental (Depths:3)
  A deep troll skeleton (Vaults:3)
  4 wraiths
  2 air elementals
  3 fire elementals
  4 wyverns
  13 yaks
  3 steam dragons
  A basilisk (D:13)
  A warg (Snake:4)
  7 golden eyes (Slime:5)
  2 redbacks
  10 vampire mosquitoes
  Menkaure (D:4)
  14 nagas
  3 acid dragons
  4 swamp worms
  3 hell hounds
  5 water moccasins
  3 swamp drakes (Swamp:4)
  8 orc warriors
  3 sky beasts
  3 black bears
  9 ogres
  A centaur (D:5)
  A wolf (Lair:3)
  2 boggarts (Vaults:1)
  A starcursed mass (Abyss:2)
  3 kobold brigands
  A bullfrog (Lair:1)
  A gnoll sergeant (D:6)
  An earth elemental (Elf:1)
  2 scorpions
  2 wights (D:8)
  3 killer bees (D:7)
  3 howler monkeys
  An electric eel (Elf:3)
  A lava snake (Lair:5)
  3 hounds
  A sleepcap (D:8)
  A jelly (D:5)
  13 orc priests
  Jessica (D:3)
  16 orc wizards
  A hell rat (Lair:3)
  6 gnolls
  10 adders
  A shadow imp (D:7)
  An ufetubus (D:6)
  A worm (D:2)
  A dart slug (D:4)
  51 orcs
  A ball python (D:3)
  3 endoplasms
  2 giant cockroaches (D:1)
  8 goblins
  2 hobgoblins (D:3)
  2 jackals
  2 quokkas
  A bat (D:2)
  4 frilled lizards (D:1)
  9 kobolds
  5 rats
  3 aspiring fleshes
  A snaplasher vine (Slime:3)
1056 creatures vanquished.

Vanquished Creatures (others)
  Gastronok (D:8)
  65 eldritch tentacles
  A fire giant (Depths:3)
  A dire elephant (D:15)
  A bunyip (Swamp:3)
  A fire dragon (Depths:2)
  An ice dragon (Depths:2)
  A vault guard (Vaults:5)
  A hydra (Lair:4)
  A two-headed ogre (Orc:2)
  A spriggan berserker (Swamp:3)
  A skeletal warrior (D:11)
  A glowing orange brain (Slime:4)
  A swamp dragon (Swamp:4)
  A lindwurm (Swamp:4)
  A large abomination (Gauntlet)
  2 elephants (Lair:5)
  A yaktaur (Vaults:4)
  A glass eye (Slime:4)
  A wraith (Lair:5)
  12 yaks (Lair:1)
  A swamp worm (Swamp:3)
  A swamp worm (shapeshifter) (Depths:4)
  A wolf (Lair:3)
  2 ogres
  A small abomination (Gauntlet)
  A bullfrog (Lair:4)
  A killer bee (D:8)
  An orc priest (Orc:2)
  2 orc wizards (Orc:2)
  76 battlemagi
  3 orcs (Orc:2)
  2 foxfires (Swamp:1)
  31 snaplasher vines
  83 spectral weapons
303 creatures vanquished.

Grand Total: 2490 creatures vanquished

Table legend:
 A = Non-vault XP
 B = Vault XP
 C = Vault XP percentage of total XP
 D = Non-vault monster count
 E = Vault monster count
 F = Vault count percentage of total count
                 A         B        C        D         E       F
            +---------+---------+-------+---------+---------+-------
      Total |  613888 |  714825 |  53.8 |    1296 |     896 |  40.9
            +---------+---------+-------+---------+---------+-------
        D:1 |      43 |       0 |   0.0 |      28 |       0 |   0.0
        D:2 |      44 |       0 |   0.0 |      21 |       0 |   0.0
        D:3 |     105 |     334 |  76.1 |      24 |       5 |  17.2
        D:4 |     272 |     192 |  41.4 |      22 |       3 |  12.0
        D:5 |     327 |       0 |   0.0 |      14 |       0 |   0.0
        D:6 |     740 |     201 |  21.4 |      22 |       3 |  12.0
        D:7 |    1219 |    4632 |  79.2 |      25 |      20 |  44.4
        D:8 |    1369 |    1899 |  58.1 |      32 |       2 |   5.9
        D:9 |    1645 |       0 |   0.0 |      20 |       0 |   0.0
       D:10 |    1702 |    1915 |  52.9 |      10 |      11 |  52.4
       D:11 |    7562 |       0 |   0.0 |      23 |       0 |   0.0
       D:12 |    6059 |    1664 |  21.5 |      17 |       3 |  15.0
       D:13 |    9100 |    4857 |  34.8 |      24 |       9 |  27.3
       D:14 |    7587 |    5936 |  43.9 |      14 |      18 |  56.2
       D:15 |   11860 |    2163 |  15.4 |      25 |       3 |  10.7
     Lair:1 |    6540 |       0 |   0.0 |      30 |       0 |   0.0
     Lair:2 |    1993 |    1153 |  36.6 |       9 |       5 |  35.7
     Lair:3 |    6369 |   10368 |  61.9 |      17 |      35 |  67.3
     Lair:4 |    6666 |    1687 |  20.2 |      19 |       3 |  13.6
     Lair:5 |   14611 |   12603 |  46.3 |      37 |      35 |  48.6
    Swamp:1 |   16420 |       0 |   0.0 |      35 |       0 |   0.0
    Swamp:2 |   15834 |       0 |   0.0 |      28 |       0 |   0.0
    Swamp:3 |   18875 |       0 |   0.0 |      31 |       0 |   0.0
    Swamp:4 |   11773 |   22481 |  65.6 |      21 |      36 |  63.2
    Snake:1 |   13217 |       0 |   0.0 |      22 |       0 |   0.0
    Snake:2 |   10458 |    7902 |  43.0 |      24 |       7 |  22.6
    Snake:3 |   18847 |    5227 |  21.7 |      38 |       7 |  15.6
    Snake:4 |   14415 |   26116 |  64.4 |      25 |      44 |  63.8
    Slime:1 |    3997 |       0 |   0.0 |      12 |       0 |   0.0
    Slime:2 |   12015 |       0 |   0.0 |      19 |       0 |   0.0
    Slime:3 |    7374 |       0 |   0.0 |      20 |       0 |   0.0
    Slime:4 |    6661 |     969 |  12.7 |      14 |       1 |   6.7
    Slime:5 |   15642 |   32354 |  67.4 |      36 |      26 |  41.9
      Orc:1 |    2179 |      72 |   3.2 |      38 |       2 |   5.0
      Orc:2 |    5364 |   20893 |  79.6 |      48 |      44 |  47.8
      Elf:1 |   18948 |   14618 |  43.6 |      30 |      21 |  41.2
      Elf:2 |   10413 |    1662 |  13.8 |      17 |       2 |  10.5
      Elf:3 |   12689 |   31403 |  71.2 |      22 |      27 |  55.1
   Vaults:1 |   27095 |   20380 |  42.9 |      50 |      31 |  38.3
   Vaults:2 |   13609 |   30339 |  69.0 |      21 |      42 |  66.7
   Vaults:3 |   17142 |   29817 |  63.5 |      23 |      54 |  70.1
   Vaults:4 |   25601 |   20946 |  45.0 |      43 |      24 |  35.8
   Vaults:5 |   20369 |  110675 |  84.5 |      22 |      95 |  81.2
   Depths:1 |   29980 |    4973 |  14.2 |      38 |       6 |  13.6
   Depths:2 |   30240 |   17093 |  36.1 |      37 |      21 |  36.2
   Depths:3 |   26656 |   15162 |  36.3 |      30 |      12 |  28.6
   Depths:4 |    4253 |   99304 |  95.9 |       5 |      90 |  94.7
      Zot:1 |   26058 |       0 |   0.0 |      24 |       0 |   0.0
      Zot:2 |   19402 |       0 |   0.0 |      17 |       0 |   0.0
      Zot:3 |   21383 |       0 |   0.0 |      16 |       0 |   0.0
      Zot:4 |    4019 |       0 |   0.0 |       4 |       0 |   0.0
      Zot:5 |   40518 |   94536 |  70.0 |      37 |      39 |  51.3
    Abyss:2 |    6629 |       0 |   0.0 |      16 |       0 |   0.0
     WizLab |       0 |   21784 | 100.0 |       0 |      29 | 100.0
 Desolation |       0 |   32576 | 100.0 |       0 |      66 | 100.0
   Gauntlet |       0 |    3939 | 100.0 |       0 |      15 | 100.0
            +---------+---------+-------+---------+---------+-------

Skill      XL: |  1  2  3  4  5  6  7  8  9 10 11 12 13 14 15 16 17 18 19 20 21 22 23 24 25 |
---------------+----------------------------------------------------------------------------+-----
Fighting       | 1 2 3 5 6 8 10 12 14 16 18 21 | 21.6
Stealth        | 3 |  3.0
Summonings     | 4 5 6 8 9 10 13 16 18 | 18.0
Spellcasting   | 2 4 5 6 7 8 |  8.0
Evocations     | 1 4 6 7 |  7.0
Shields        | 5 11 13 14 15 | 15.0
Armour         | 2 5 8 12 14 15 17 20 22 | 22.0
Polearms       | 2 6 8 10 12 | 12.0
Hexes          | 4 6 8 |  8.0
Dodging        | 3 4 6 7 10 | 10.0
Air Magic      | 5 |  5.0
Invocations    | 8 |  8.0
Translocations | 10 14 16 17 | 17.0
Earth Magic    | 2 6 8 |  8.0
Necromancy     | 5 |  5.0

Action                     |  1- 3 |  4- 6 |  7- 9 | 10-12 | 13-15 | 16-18 | 19-21 | 22-24 | 25-27 || total
---------------------------+-------+-------+-------+-------+-------+-------+-------+-------+-------++-------
  Melee: Dagger            |    67 |       |       |       |       |       |       |       |       ||    67
         Unarmed           |     8 |       |       |       |       |       |       |       |       ||     8
         Tailslap          |     8 |     4 |     8 |    32 |   113 |   109 |   210 |   214 |    45 ||   743
         Trident           |    23 |    69 |   119 |   238 |       |       |       |       |       ||   449
         Spear             |       |       |       |    67 |   655 |   725 |  1052 |  1087 |   216 ||  3802
         Bite              |       |       |       |       |       |       |       |       |    20 ||    20
  Throw: Dart              |       |       |     1 |    11 |       |       |       |       |       ||    12
   Cast: Summon Small Mamm |    30 |     6 |    10 |       |       |       |       |       |       ||    46
         Call Imp          |    16 |    14 |    18 |    21 |     7 |     1 |     1 |       |       ||    78
         Call Canine Famil |       |     4 |    11 |    16 |    22 |    18 |     2 |       |       ||    73
         Summon Guardian G |       |       |       |    27 |    30 |    19 |     9 |       |       ||    85
         Summon Lightning  |       |       |       |    14 |    37 |    31 |    15 |     2 |       ||    99
         Summon Forest     |       |       |       |       |     3 |    33 |    47 |    30 |    10 ||   123
         Leda's Liquefacti |       |       |       |       |       |     8 |    19 |    17 |     4 ||    48
         Fugue of the Fall |       |       |       |       |       |       |    13 |     9 |     2 ||    24
         Malign Gateway    |       |       |       |       |       |       |       |    41 |    26 ||    67
 Invoke: Ancestor Identity |     1 |       |       |       |       |       |       |       |       ||     1
         Recall Ancestor   |       |     4 |     4 |     9 |     5 |     4 |    10 |     7 |     5 ||    48
         Ancestor Life: Ba |       |       |     1 |       |       |       |       |       |       ||     1
         Idealise          |       |       |       |     1 |     3 |     8 |     9 |    12 |     7 ||    40
  Evoke: Wand              |       |     1 |     6 |    17 |     3 |    11 |     7 |    10 |     1 ||    56
         Lightning rod     |       |       |       |     3 |     7 |     9 |    11 |     4 |       ||    34
         Phantom mirror    |       |       |       |       |       |     3 |     2 |     1 |       ||     6
         Phial of floods   |       |       |       |       |       |     1 |     1 |       |       ||     2
         Sack of spiders   |       |       |       |       |       |       |     1 |     2 |       ||     3
    Use: Scroll            |     3 |     4 |     7 |    13 |     7 |    22 |    13 |    13 |     8 ||    90
         Potion            |       |       |     1 |       |     1 |     5 |     3 |    12 |    15 ||    37
   Stab: Sleeping          |     4 |     5 |     6 |     9 |    10 |     5 |     3 |     5 |       ||    47
         Distracted        |     1 |     1 |     2 |     9 |    25 |    35 |    61 |    58 |    11 ||   203
         Petrified         |       |       |       |     4 |       |       |       |     7 |       ||    11
         Fleeing           |       |       |       |       |       |     1 |       |       |       ||     1
         Betrayed ally     |       |       |       |       |       |       |     1 |       |       ||     1
         Petrifying        |       |       |       |       |       |       |       |     3 |       ||     3
         Confused          |       |       |       |       |       |       |       |       |     1 ||     1
 Armour: Robe              |    74 |    34 |    75 |     6 |       |       |       |       |       ||   189
         Steam dragon scal |       |       |       |   128 |   246 |       |       |       |       ||   374
         Ring mail         |       |       |       |       |    29 |   445 |   391 |   425 |   161 ||  1451
  Dodge: Dodged            |    44 |    14 |    39 |    71 |   101 |   132 |   134 |   197 |    59 ||   791
  Block: Buckler           |       |       |    12 |    78 |    84 |       |       |       |       ||   174
         Reflection        |       |       |       |     1 |     2 |       |       |       |       ||     3
         Kite shield       |       |       |       |       |    72 |   313 |   226 |   298 |   113 ||  1022

Illustrated notes

Table legend:
 A = Kills in this place as a percentage of kills in the entire game.
 B = Kills by you in this place as a percentage of kills by you in the entire game.
 C = Kills by friends in this place as a percentage of kills by friends in the entire game.
 D = Other kills in this place as a percentage of other kills in the entire game.
 E = Experience gained in this place as a percentage of experience gained in the entire game.
 F = Experience gained in this place divided by the number of levels of this place that you have seen.
                   A       B       C       D       E      F
               +-------+-------+-------+-------+-------+----------------------
         Total | 100.0 | 100.0 | 100.0 | 100.0 | 100.0 | 23411.6
       Dungeon |  18.2 |  19.0 |  17.6 |   9.3 |   5.5 | 4924.0
          Lair |   8.6 |   9.9 |   6.0 |  41.9 |   4.6 | 12398.0
         Swamp |   6.9 |   8.2 |   5.3 |  11.6 |   6.4 | 21345.8
     Snake Pit |   7.6 |   8.6 |   6.8 |   0.0 |   7.2 | 24045.5
    Slime Pits |   5.8 |   3.7 |   8.4 |   0.0 |   5.9 | 15802.4
  Orcish Mines |   6.0 |   6.2 |   5.2 |  20.9 |   2.1 | 14254.0
   Elven Halls |   5.4 |   5.9 |   5.1 |   0.0 |   6.7 | 29911.0
        Vaults |  18.4 |  18.7 |  18.7 |   4.7 |  23.7 | 63194.6
        Depths |  11.1 |  11.8 |  10.4 |   7.0 |  17.4 | 58056.8
           Zot |   6.3 |   2.9 |  10.2 |   0.0 |  15.5 | 41333.6
         Abyss |   0.7 |   0.8 |   0.7 |   0.0 |   0.5 | 6629.0
        Wizlab |   1.3 |   1.1 |   1.6 |   0.0 |   1.6 | 21784.0
    Desolation |   3.0 |   2.6 |   3.6 |   0.0 |   2.4 | 32576.0
      Gauntlet |   0.7 |   0.6 |   0.6 |   4.7 |   0.3 | 3939.0
               +-------+-------+-------+-------+-------+----------------------

Table legend: (Time is in decaauts)
 A = Elapsed time spent in this place.
 B = Non-inter-level travel time spent in this place.
 C = Inter-level travel time spent in this place.
 D = Time resting spent in this place.
 E = Time spent auto-exploring this place.
 F = Levels seen in this place.
 G = Mean time per level.
                   A        B        C        D        E       F      G
               +--------+--------+--------+--------+--------+-----+--------+
         Total |  68264 |  62386 |   5878 |  13836 |  34605 |  57 | 1197.6 |
       Dungeon |  17173 |  14627 |   2546 |   1687 |   9952 |  15 | 1144.9 |
          Lair |   8822 |   7964 |    858 |   1857 |   4736 |   5 | 1764.4 |
         Swamp |   4022 |   3907 |    115 |    242 |   3056 |   4 | 1005.5 |
     Snake Pit |   5073 |   4915 |    158 |    979 |   3079 |   4 | 1268.2 |
    Slime Pits |   1780 |   1746 |     34 |    776 |    208 |   5 |  356.0 |
  Orcish Mines |   1547 |   1291 |    256 |    118 |    832 |   2 |  773.5 |
   Elven Halls |   3746 |   3419 |    327 |    515 |   2271 |   3 | 1248.7 |
        Vaults |   9376 |   8902 |    474 |   1841 |   4989 |   5 | 1875.2 |
        Depths |   9780 |   8741 |   1039 |   2646 |   4451 |   4 | 2445.0 |
           Zot |   3966 |   3899 |     67 |   2057 |    364 |   5 |  793.2 |
         Abyss |    256 |    256 |      0 |      0 |      0 |   1 |  256.0 |
         Trove |    126 |    126 |      0 |     57 |      0 |   1 |  126.0 |
        Wizlab |   1546 |   1546 |      0 |    861 |    332 |   1 | 1546.0 |
    Desolation |    574 |    574 |      0 |     18 |    241 |   1 |  574.0 |
      Gauntlet |    470 |    470 |      0 |    180 |     93 |   1 |  470.0 |
               +--------+--------+--------+--------+--------+-----+--------+

Top non-repeatable levels by time:
Depths:4: 3830 daAuts
Depths:2: 2339 daAuts
Vaults:2: 2284 daAuts
   Zot:5: 2242 daAuts
  Lair:3: 2167 daAuts
Vaults:5: 2157 daAuts
  Lair:5: 2119 daAuts
  Lair:4: 2000 daAuts
 Snake:4: 1976 daAuts
Depths:3: 1957 daAuts
   Elf:3: 1935 daAuts
    D:13: 1687 daAuts
Vaults:4: 1669 daAuts
Depths:1: 1653 daAuts
Vaults:1: 1652 daAuts
